 Dungeon Crawl Stone Soup version 0.23.2-1-ga50397a (webtiles) character file.

Game seed: 10831220820479425171

1130362 shummie the Conqueror (level 27, -6/282 (291) HPs)
             Began as a Formicid Enchanter on May 24, 2019.
             Was a High Priest of Wu Jian.
             Mangled by a reaper
             ... wielding a +1 scythe of slicing
              (32 damage)
             ... on level 6 of Cocytus on May 27, 2019.
             The game lasted 07:48:39 (126348 turns).

shummie the Conqueror (Formicid Enchanter)        Turns: 126348, Time: 07:48:40

HP:   -6/282 (291)  AC: 29    Str: 30    XL:     27
MP:   40/49         EV: 24    Int: 17    God:    Wu Jian [*****.]
Gold: 11303         SH: 26    Dex:  9    Spells: 33/70 levels left

rFire    . . .     SeeInvis +   a - +3 sword of Power
rCold    + + .     Gourm    .   n - +2 large shield {reflect}
rNeg     + + +     Faith    .   (armour currently unavailable)
rPois    ∞         Spirit   .   (helmet unavailable)
rElec    +         Reflect  +   S - +2 cloak
rCorr    +         Harm     .   (gloves currently unavailable)
MR       +++..                  (boots currently unavailable)
Stlth    +.........             D - amulet of regeneration {regen}
HPRegen  1.97/turn              e - ring of Incredulity {Ice rPois rN+++ Str+6 Slay-4}
MPRegen  0.31/turn              M - ring "Gabbiet" {rCorr rF+}

@: lethally poisoned (-6 -> -6), statue-form, regenerating, glowing, deflect
missiles, serpent's lash, heavenly storm, very slow
A: permanent stasis, dig shafts and tunnels, four strong arms, antennae 3,
talons 1, clumsy 1, cold resistance 1, frail 1, magic resistance 1, poison
resistance, screaming 2, no potion heal 2, subdued magic 2
}: 8/15 runes: decaying, serpentine, slimy, silver, iron, obsidian, bone,
abyssal
a: Dig, Shaft Self, End Transformation, Wall Jump, Serpent's Lash, Heavenly
Storm, Renounce Religion


You were on level 6 of Cocytus.
You worshipped Wu Jian.
Wu Jian was extremely pleased with you.
You were near starving.
You were a stone statue.
You visited 18 branches of the dungeon, and saw 85 of its levels.
You visited the Abyss 31 times.
You visited 1 bazaar.

You collected 13717 gold pieces.
You spent 2414 gold pieces at shops.

Inventory:

Hand Weapons
 a - the +3 sword of Power (weapon)
   (You found it on level 5 of the Vaults)
 b - a +9 vampiric battleaxe {!w}
   (You took it off a vault warden on level 1 of the Vaults)
Missiles
 y - 64 tomahawks
 I - 3 throwing nets (quivered) {=f, !d}
Armour
 n - a +2 large shield of reflection (worn)
   (You took it off Louise on level 4 of the Swamp)
 L - +9 gold dragon scales (melded) {rC+, rF+, rP+}
   (You found it on level 4 of the Depths)
 S - a +2 cloak (worn)
   (You found it on level 1 of the Abyss)
 W - a +2 pair of boots of stealth (melded)
   (You found it on level 5 of the Depths)
 Y - a +2 pair of gloves (melded)
   (You bought it in a shop on level 2 of the Orcish Mines)
Jewellery
 e - the ring of Incredulity (left hand) {Ice rPois rN+++ Str+6 Slay-4}
   (You found it on level 1 of the Swamp)

   [ring of ice]

   It enhances your ice magic.
   It affects your strength (+6).
   It affects your accuracy and damage with ranged weapons and melee attacks
   (-4).
   It makes you vulnerable to fire.
   It protects you from cold.
   It protects you from poison.
   It renders you almost immune to negative energy.
 D - an amulet of regeneration (around neck) {regen}
   (You found it on level 5 of the Dungeon)
 E - the ring of the Little Devil {+Fly rF+ MR+ SInv Stlth-}
   (You found it on level 7 of Tartarus)

   [ring of flight]

   It protects you from fire.
   It affects your resistance to hostile enchantments.
   It lets you see invisible.
   It lets you fly.
   It makes you less stealthy.
 M - the ring "Gabbiet" (right hand) {rCorr rF+}
   (You found it on level 3 of the Abyss)

   [ring of resist corrosion]

   It protects you from fire.
 O - the ring "Tecaylex" {rElec rPois}
   (You took it off an iron imp on level 7 of the Iron City of Dis)

   [ring of poison resistance]

   It insulates you from electricity.
   It protects you from poison.
 R - the ring "Uvyse" {rC+ MP+9 Str+2 Int+5}
   (You found it on level 3 of the Abyss)

   [ring of intelligence]

   It affects your strength (+2).
   It affects your intelligence (+5).
   It protects you from cold.
   It affects your magic capacity (+9).
 U - the ring of Orusmon {rC+ MR+}
   (You found it on level 7 of Tartarus)

   [ring of protection from magic]

   It protects you from cold.
   It affects your resistance to hostile enchantments.
 V - the ring of Shadows {Umbra +Inv Stlth+}
   (You took it off a deep elf elementalist on level 3 of the Elven Halls)

   [ring of stealth]

   It lets you turn invisible.
   It makes you more stealthy.
 Z - the ring of Ukhlocza {rPois rF+}
   (You found it on level 1 of the Swamp)

   [ring of poison resistance]

   It protects you from fire.
   It protects you from poison.
Wands
 d - a wand of iceblast (105)
   (You found it on level 7 of the Dungeon)
 o - a wand of digging (14)
   (You found it on level 7 of the Dungeon)
 G - a wand of enslavement (34)
   (You took it off a crimson imp on level 10 of the Dungeon)
 N - a wand of clouds (14)
   (You found it on level 1 of the Lair of Beasts)
 P - a wand of acid (50)
   (You found it on level 1 of the Lair of Beasts)
 T - a wand of scattershot (5)
   (You found it on level 1 of the Abyss)
 X - a wand of paralysis (69)
   (You took it off Erica on level 11 of the Dungeon)
Scrolls
 i - 5 scrolls of holy word {!r}
 k - 11 scrolls of magic mapping {!r}
 q - 31 scrolls of remove curse {@r2, !d}
 s - 6 scrolls of fog
 w - 7 scrolls of fear
 H - 4 scrolls of summoning
 J - 30 scrolls of identify {@r1}
Potions
 g - 8 potions of might
 h - 11 potions of ambrosia
 j - 12 potions of agility
 m - 6 potions of mutation {!q}
 p - 4 potions of resistance
 u - 7 potions of cancellation
 v - 7 potions of invisibility
 z - 3 potions of heal wounds {@q2, !d}
 A - 5 potions of flight
 F - 3 potions of magic
 K - 17 potions of curing {@q1, !d}
Miscellaneous
 c - 11 sacks of spiders
 l - a phial of floods
   (You found it on level 3 of the Elven Halls)
 r - a lightning rod (4/4)
   (You found it on level 3 of the Elven Halls)
 t - a lamp of fire
   (You found it on level 3 of the Elven Halls)
 x - the horn of Geryon
   (You took it off Geryon in the Vestibule of Hell)
 B - 6 boxes of beasts
 Q - 7 phantom mirrors
Comestibles
 f - 58 rations


   Skills:
 O Level 27 Fighting
   Level 1.0(13.6) Short Blades
 - Level 20.1 Long Blades
 - Level 20.6(21.0) Axes
   Level 7.8(15.6) Maces & Flails
 - Level 12.4 Throwing
 - Level 23.8 Armour
 - Level 24.0 Dodging
 - Level 3.6 Stealth
 + Level 20.3 Shields
 - Level 22.0 Spellcasting
   Level 4.0 Hexes
 - Level 11.0 Charms
 - Level 8.1 Summonings
 - Level 12.0 Necromancy
 + Level 11.2 Translocations
 - Level 15.0 Transmutations
 - Level 15.0 Air Magic
 - Level 16.0 Earth Magic
 + Level 16.4 Evocations


You had 33 spell levels left.
You knew the following spells:

 Your Spells              Type           Power        Failure   Level  Hunger
a - Passage of Golubria   Tloc           N/A          1%          4    None
b - Statue Form           Tmut/Erth      #####....    1%          6    ####...
c - Lesser Beckoning      Tloc           #####.....   0%          3    None
d - Summon Lightning Spi  Summ/Air       #####...     1%          4    None
e - Borgnjor's Vile Clut  Necr/Erth      #####.....   1%          5    ##.....
r - Regeneration          Chrm/Necr      #####.....   0%          3    None
w - Passwall              Tmut/Erth      #####...     0%          2    None
B - Summon Butterflies    Summ           ####....     1%          1    None
D - Deflect Missiles      Chrm/Air       #####.....   1%          6    ####...
G - Apportation           Tloc           #####.       0%          1    None
S - Swiftness             Chrm/Air       #####...     0%          2    None

Your spell library contained the following spells:

 Spells                   Type           Power        Failure   Level  Hunger
 Animate Skeleton         Necr           N/A          0%          1    None
 Beastly Appendage        Tmut           #####.       0%          1    None
 Infusion                 Chrm           ####         0%          1    None
 Pain                     Necr           ####         0%          1    None
 Sandblast                Erth           #####.       0%          1    None
 Corpse Rot               Necr           N/A          0%          2    None
 Shroud of Golubria       Chrm/Tloc      #####.....   0%          2    None
 Song of Slaying          Chrm           #####...     0%          2    None
 Sticks to Snakes         Tmut           #####...     0%          2    None
 Sublimation of Blood     Necr           #####.....   0%          2    None
 Gell's Gravitas          Tloc           #####.....   0%          3    None
 Teleport Other           Tloc           #####...     0%          3    None
 Airstrike                Air            #####.....   0%          4    None
 Petrify                  Tmut/Erth      #####...     0%          4    None
 Confusing Touch          Hex            ###...       1%          1    None
 Corona                   Hex            ###....      1%          1    None
 Flame Tongue             Conj/Fire      ##...        1%          1    None
 Freeze                   Ice            ###.         1%          1    None
 Magic Dart               Conj           ##..         1%          1    None
 Shock                    Conj/Air       ####         1%          1    None
 Sting                    Conj/Pois      ##..         1%          1    None
 Summon Small Mammal      Summ           ####         1%          1    None
 Call Imp                 Summ           ####....     1%          2    None
 Ensorcelled Hibernation  Hex/Ice        ###...       1%          2    None
 Poisonous Vapours        Pois/Air       ####..       1%          2    None
 Searing Ray              Conj           ##....       1%          2    None
 Slow                     Hex            ###.....     1%          2    None
 Throw Flame              Conj/Fire      ##....       1%          2    None
 Throw Frost              Conj/Ice       ###...       1%          2    None
 Call Canine Familiar     Summ           ####....     1%          3    None
 Confuse                  Hex            ###.....     1%          3    None
 Dazzling Spray           Conj/Hex       ###...       1%          3    None
 Ignite Poison            Fire/Tmut/Pois ###.....     1%          3    None
 Inner Flame              Hex/Fire       ###.....     1%          3    None
 Mephitic Cloud           Conj/Pois/Air  ###.....     1%          3    None
 Ozocubu's Armour         Chrm/Ice       #####...     1%          3    None
 Portal Projectile        Hex/Tloc       ####..       1%          3    None
 Spectral Weapon          Hex/Chrm       ####....     1%          3    None
 Spider Form              Tmut/Pois      ####......   1%          3    None
 Static Discharge         Conj/Air       ####....     1%          3    None
 Stone Arrow              Conj/Erth      ####..       1%          3    None
 Summon Guardian Golem    Hex/Summ       ###.....     1%          3    None
 Tukima's Dance           Hex            ###.....     1%          3    None
 Force Lance              Conj/Tloc      ###.....     1%          4    None
 Ice Form                 Ice/Tmut       #####...     1%          4    None
 Leda's Liquefaction      Hex/Erth       ####......   1%          4    None
 Agony                    Necr           #####...     1%          5    ##.....
 Alistair's Intoxication  Tmut/Pois      ####....     1%          5    ##.....
 Blade Hands              Tmut           #####.....   1%          5    ##.....
 Dispel Undead            Necr           #####...     1%          5    ##.....
 Excruciating Wounds      Chrm/Necr      #####.....   1%          5    ##.....
 Lee's Rapid Deconstruct  Erth           #####.....   1%          5    ##.....
 Lightning Bolt           Conj/Air       ####......   1%          5    ##.....
 Silence                  Hex/Air        ####......   1%          5    ##.....
 Summon Demon             Summ           ####......   1%          5    ##.....
 Summon Forest            Summ/Tloc      ####......   1%          5    ##.....
 Yara's Violent Unravell  Hex/Tmut       ####......   1%          5    ##.....
 Hydra Form               Tmut           #####.....   1%          6    ####...
 Cause Fear               Hex            ###.......   2%          4    None
 Summon Ice Beast         Ice/Summ       ####....     2%          4    None
 Dragon Form              Tmut           #####.....   2%          7    ######.
 Bolt of Draining         Conj/Necr      ###.......   3%          5    ##.....
 Conjure Flame            Conj/Fire      ##......     4%          3    None
 Bolt of Magma            Conj/Fire/Erth ###.......   4%          5    ##.....
 Fulminant Prism          Conj/Hex       ###.......   7%          4    None
 Iron Shot                Conj/Erth      ####......   10%         6    ####...
 Shadow Creatures         Summ           N/A          10%         6    ####...
 Conjure Ball Lightning   Conj/Air       ####......   12%         6    ####...
 Iskenderun's Mystic Bla  Conj           ##......     17%         4    None
 Olgreb's Toxic Radiance  Pois           ##......     17%         4    None
 Sticky Flame             Conj/Fire      ##......     17%         4    None
 Throw Icicle             Conj/Ice       ###.....     17%         4    None
 Metabolic Englaciation   Hex/Ice        ###.......   22%         5    ##.....
 Simulacrum               Ice/Necr       #####.....   24%         6    ####...
 Freezing Cloud           Conj/Ice/Air   ####......   34%         6    ####...
 Fireball                 Conj/Fire      ##........   47%         5    ##.....
 Venom Bolt               Conj/Pois      ##........   47%         5    ##.....
 Darkness                 Hex            ###.......   50%         6    ####...
 Invisibility             Hex            ###.....     50%         6    ####...
 Summon Hydra             Summ           ####......   50%         7    ######.
 Ring of Flames           Chrm/Fire      ###.......   87%         7    ######.
 Shatter                  Erth           #####.....   96%         9    #######
 Bolt of Cold             Conj/Ice       ###.......   97%         6    ####...
 Bolt of Fire             Conj/Fire      ##........   97%         6    ####...
 Ozocubu's Refrigeration  Ice            ###.......   97%         6    ####...
 Poison Arrow             Conj/Pois      ##........   97%         6    ####...
 Lehudib's Crystal Spear  Conj/Erth      ####......   99%         8    #######
 Tornado                  Air            #####.....   99%         9    #######
 Chain Lightning          Conj/Air       ####......   100%        8    #######
 Discord                  Hex            ###.......   100%        8    #######
 Ignition                 Fire           ##........   100%        8    #######
 Dragon's Call            Summ           ####......   100%        9    #######
 Fire Storm               Conj/Fire      ##........   100%        9    #######
 Glaciate                 Conj/Ice       ###.......   100%        9    #######
 Blink                    Tloc           Unusable     N/A         2    N/A

Dungeon Overview and Level Annotations

Branches:
Dungeon (15/15)            Temple (1/1) D:7            Lair (6/6) D:10
  Swamp (4/4) Lair:3        Snake (4/4) Lair:4        Slime (5/5) Lair:5
    Orc (2/2) D:12            Elf (3/3) Orc:2        Vaults (5/5) D:14
  Crypt (3/3) Vaults:2       Tomb (1/3) Crypt:3      Depths (5/5) D:15
   Hell (1/1)                 Dis (7/7) Hell            Geh (7/7) Hell
    Coc (2/7) Hell            Tar (7/7) Hell            Zot (5/5) Depths:5

Altars:
Ashenzari
Cheibriados
Dithmenos
Elyvilon
Fedhas
Gozag
Hepliaklqana
Kikubaaqudgha
Makhleb
Nemelex Xobeh
Okawaru
Qazlal
Ru
Sif Muna
Trog
Uskayaw
Vehumet
Wu Jian
Xom
Yredelemnul
Zin
The Shining One
Beogh
Jiyva

Shops:
D:11 *   D:12 %   D:13 (   Orc:1 =([   Orc:2 ?([*!   Snake:1 }   Snake:2 =
Vaults:2 =   Depths:1 %   Depths:4 *(

Portals:
Hell: Depths:1 Depths:2 Depths:3 Depths:4 Depths:5
Abyss: Depths:2 Depths:3 Depths:4 Depths:5
Pandemonium: Depths:3
Ziggurat: Depths:1

Annotations:
D:3 Grinder
D:14 3 runed translucent doors, Hieroaca's ghost, journeyman DsGl; Jogov's ghost, journeyman DgWz
Swamp:3 2 transporters
Crypt:3 1 exclusion


Innate Abilities, Weirdness & Mutations

You cannot be hasted, slowed, berserked, paralysed or teleported.
You can dig through walls and to a lower floor.
Your four strong arms can wield two-handed weapons with a shield.
You have a pair of large antennae on your head. (SInv)
You have sharp toenails.
((You are partially covered in thin metallic scales. (AC +2)))
You are clumsy. (Dex -2)
Your flesh is cold resistant. (rC+)
You are frail. (-10% HP)
You are resistant to hostile enchantments. (MR+)
Your system is resistant to poisons. (rPois)
You sometimes yell uncontrollably at your foes.
Potions are poor at restoring your health.
Your spells are easier to cast, but less powerful.


Message History

You spin and attack the skeletal warrior.
You closely miss the skeletal warrior.
You claw the skeletal warrior, but do no damage.
A tormentor comes into view.
You block the skeletal warrior's attack.
You block the reaper's attack. The reaper hits you but does no damage.
The flying skull misses you.
You riposte.
You miss the flying skull.
You claw the flying skull, but do no damage.
The flying skull completely misses you.
You riposte.
You slice the flying skull!!
You destroy the flying skull!
The Council accepts your kill.
The skeletal warrior closely misses you.
You riposte.
You slice the skeletal warrior like a ripe choko!!!
You claw the skeletal warrior.
You destroy the skeletal warrior!
The Council accepts your kill.
You regained 3 hp, and now have 130/282 hp.
You lunge at the mummy.
You carve the mummy like a ham!!!
You destroy the mummy!
The Council accepts your kill.
You spin and attack the skeletal warrior repeatedly.
You barely miss the skeletal warrior.
You hit the skeletal warrior but do no damage.
You spin and attack the flying skull.
You slice the flying skull!!
You destroy the flying skull!
The Council accepts your kill. The reaper barely misses you.
You block the reaper's attack.
The skeletal warrior completely misses you.
You regained 3 hp, and now have 133/282 hp.
Casting: Statue Form (safe; 1% risk of failure)
Aiming: Lesser Beckoning (safe; 0% risk of failure)
Aim: a tormentor The tormentor hurls suddenly forward!
The tormentor calls on the powers of darkness!
Your body is wracked with pain!
You block the reaper's attack.
The reaper hits you from afar with a +1 scythe of slicing!
The skeletal warrior completely misses you.
You block the skeletal warrior's attack.
You block the reaper's attack.
The tormentor hits you but does no damage. x2
You take 39 damage, and have 94/282 hp.
You now have 39/49 mp.
You barely miss the tormentor.
You claw the tormentor, but do no damage.
You block the tormentor's attack. The tormentor barely misses you.
You block the reaper's attack.
The skeletal warrior hits you but does no damage.
You block the skeletal warrior's attack.
A skeletal warrior comes into view. It is wielding a +0 trident.
The reaper hits you from afar with a +1 scythe of slicing!!
* * * LOW HITPOINT WARNING * * *
x2 The reaper completely misses you.
The tormentor completely misses you.
You riposte.
You barely miss the tormentor. Your kick misses the tormentor.
You block the tormentor's attack.
You take 23 damage, and have 71/282 hp.
Unknown command.
You cut the tormentor into ribbons!!!!
You kill the tormentor!
The Council accepts your kill.
You block the freezing wraith's attack. x2
A lich comes into view.
You block the skeletal warrior's attack.
The stone giant zombie hits you but does no damage.
The skeletal warrior hits you with a +0 battleaxe.
* * * LOW HITPOINT WARNING * * *
The four-headed hydra zombie completely misses you.
You riposte.
You slice the four-headed hydra zombie!!
You claw the four-headed hydra zombie, but do no damage.
You block the four-headed hydra zombie's attack.
The four-headed hydra zombie misses you.
You block the four-headed hydra zombie's attack.
The reaper hits you from afar with a +2 scythe of venom.
* * * LOW HITPOINT WARNING * * *
The reaper hits you from afar with a +1 scythe of slicing!!
* * * LOW HITPOINT WARNING * * *
x2 The freezing wraith closely misses you.
You riposte.
You barely miss the freezing wraith. The freezing wraith misses you.
An iron dragon skeleton comes into view.
You take 33 damage, and have 38/282 hp.
Your muscles tense, ready for explosive movement...
The air is filled with shimmering golden clouds!
Sifu Jiang Wei says: The storm will not cease as long as you keep fighting, disciple!
You hear a deafening roar!
The reaper completely misses you. You block the ice devil's attack.
You block the skeletal warrior's attack.
You block the stone giant zombie's attack.
The four-headed hydra zombie bites you but does no damage. x2
You block the four-headed hydra zombie's attack.
The four-headed hydra zombie completely misses you.
The skeletal warrior hits you but does no damage.
The freezing wraith closely misses you.
The freezing wraith completely misses you.
The reaper hits you from afar with a +2 scythe of venom!
* * * LOW HITPOINT WARNING * * *
The ice devil closely misses you.
The reaper hits you from afar with a +1 scythe of slicing!!
You die...

≈≈≈≈≈≈≈≈≈≈...≈≈≈≈≈≈
.≈≈≈≈≈≈≈≈≈≈...≈≈≈≈≈.....
..≈≈≈≈≈≈≈Z≈≈≈..≈≈≈......
....≈≈≈≈≈≈≈≈≈≈..........
......≈≈≈≈≈≈≈≈≈.........
≈≈≈......≈≈≈≈≈..........
≈≈≈≈≈.........☼§§§§.....
##≈≈≈≈........§ZW4§.....
##≈≈≈≈.......2z8§§.....
##≈≈≈....≈.)2zZ§§.....
#≈≈....≈...2§☼§§.....
≈≈≈....≈....≈≈........
≈≈...≈≈≈...≈≈≈≈.......
≈≈...≈≈≈...≈≈≈≈≈.......
.≈≈≈...≈≈≈≈≈≈≈z.....
≈≈...≈≈≈≈≈≈≈≈.....L
......≈≈≈≈≈≈≈......


You could see 3 reapers, 2 skeletal warriors, an ice devil, a freezing wraith, a
four-headed hydra zombie and a stone giant zombie.

Vanquished Creatures
  Asmodeus (Geh:7)
  the Royal Jelly (Slime:5)
  Ereshkigal (Tar:7)
  Dispater (Dis:7)
  4 orbs of fire (Zot:4 Zot:5)
  12 ancient liches (Crypt:3 Vaults:5 Zot:5 Abyss:4 Abyss:1)
  3 juggernauts (Depths:2 Depths:3 Depths:5)
  Sojobo (Vaults:4)
  Boris (Vaults:5)
  the Lernaean hydra (Swamp:4)
  11 Killer Klowns (Zot:5)
  Xtahua (Vaults:5)
  Margery (Depths:2)
  7 curse toes (Zot:4 Zot:2 Zot:3)
  A caustic shrike (Depths:5)
  9 golden dragons (Depths:4 Depths:5 Zot:4 Zot:2 Zot:3)
  Geryon (Hell)
  the Enchantress (Depths:3)
  25 bone dragons (Abyss:1 Abyss:3 Geh:5 Tar:1 Hell)
  2 profane servitors (Abyss:4 Abyss:1)
  Nikola (Depths:3)
  Jory (Vaults:5)
  16 Brimstone Fiends (Geh:5 Geh:7 Dis:7)
  3 electric golems (Zot:3 Zot:5)
  7 iron giants (Dis:7)
  10 doom hounds (Tar:1 Hell Tar:3 Tar:4 Depths:2)
  18 Tzitzimimeh (Dis:3 Hell Tar:1 Tar:2 Tar:4)
  8 Hell Sentinels (Dis:7 Abyss:1)
  21 liches (Depths:2 Depths:3 Depths:5 Crypt:2 Crypt:3)
  24 tentacled monstrosities (Depths:2 Depths:3 Swamp:1 Vaults:5 Zot:1)
  2 hellephants (Abyss:1)
  3 Ice Fiends (Dis:7)
  25 Orb Guardians (Zot:5)
  Rupert (Lair:6)
  4 titans (Depths:3 Depths:4 Vaults:5)
  13 quicksilver dragons (Depths:4 Vaults:4 Zot:1 Zot:4 Zot:3)
  A deep elf blademaster (Elf:3)
  Asterion (Depths:3)
  A kraken (Abyss:1)
  23 acid blobs (Depths:2 Slime:2 Slime:3 Slime:4 Slime:5)
  13 death cobs (Zot:1 Zot:4 Zot:3 Zot:2 Zot:5)
  97 tentacled starspawn (Abyss:1 Abyss:3 Abyss:4 Abyss:2)
  16 sphinxes (Vaults:3 Vaults:2 Depths:2 Depths:3 Depths:4)
  8 Executioners (Dis:7 Abyss:1 Abyss:2)
  Gastronok (D:9)
  3 eldritch tentacles (Dis:7 Tar:6 Tar:7)
  18 shadow dragons (Depths:5 Vaults:4 Vaults:5 Zot:3 Zot:5)
  22 storm dragons (Vaults:3 Depths:2 Depths:3 Depths:4 Depths:5)
  Donald (Vaults:2)
  2 draconian monks (Zot:2 Abyss:1)
  6 nagarajas (Snake:4)
  A thorn hunter (Swamp:4)
  5 ancient champions (Crypt:2 Dis:7)
  14 tengu reavers (Vaults:4 Depths:2 Depths:3 Vaults:5)
  7 revenants (Vaults:2 Crypt:2 Abyss:1)
  A daeva (Abyss:1)
  13 azure jellies (Slime:1 Slime:2 Slime:4 Slime:5)
  4 draconian scorchers (Depths:5 Zot:4 Zot:3 Zot:5)
  An orc warlord (Vaults:3)
  8 frost giants (Vaults:4 Depths:2 Depths:4 Vaults:5 Abyss:1)
  9 iron dragons (Vaults:4 Vaults:5 Zot:3 Dis:7)
  A draconian knight (Zot:4)
  13 balrugs (Hell Depths:5 Geh:5 Geh:7 Abyss:1)
  Aizul (Snake:1)
  12 fire giants (Depths:1 Depths:2 Depths:3 Depths:4 Depths:5)
  Louise (Swamp:4)
  8 draconian shifters (Zot:4 Zot:2 Zot:3 Abyss:1)
  A curse skull (Crypt:1)
  3 ghost moths (Zot:3 Zot:5)
  9 deep elf elementalists (Depths:3 Elf:2 Elf:3 Abyss:1)
  4 cacodemons (Abyss:1)
  5 deep elf sorcerers (Vaults:1 Elf:3 Abyss:1)
  10 vault wardens (Vaults:1 Vaults:2 Vaults:3 Vaults:5)
  4 draconian stormcallers (Depths:5 Zot:4 Zot:3)
  2 angels (Abyss:1)
  21 ironheart preservers (D:14 Vaults:3 Vaults:2 Vaults:1 Vaults:4)
  6 spriggan defenders (Depths:2 Depths:3 Depths:5)
  2 draconian annihilators (Zot:2 Zot:3)
  65 reapers (Crypt:2 Crypt:3 Hell Geh:5 Geh:7)
  6 ghouls (Vaults:3 Vaults:2)
  22 stone giants (Orc:1 Vaults:2 Vaults:3 Vaults:4 Depths:1)
  24 war gargoyles (Vaults:4 Vaults:5 Hell Dis:7)
  2 entropy weavers (Vaults:1)
  68 very ugly things (Depths:1 Depths:2 Depths:3 Depths:4 Depths:5)
  7 vampire knights (Depths:2 Depths:3 Depths:4 Crypt:1 Crypt:2)
  10 purple draconians (Depths:5 Zot:1 Zot:2 Zot:4 Zot:3)
  14 black draconians (Depths:5 Zot:1 Zot:4 Zot:3 Zot:2)
  9 deep elf demonologists (Vaults:3 Vaults:2 Depths:5 Elf:3 Abyss:1)
  13 green draconians (Depths:5 Zot:4 Zot:3 Zot:2 Abyss:1)
  13 yellow draconians (Depths:5 Abyss:3 Zot:1 Zot:3 Zot:2)
  13 deep elf annihilators (Vaults:2 Depths:5 Elf:3 Vaults:4)
  3 white draconians (Depths:5 Zot:4 Zot:3)
  6 lorocyprocas (Geh:7 Abyss:1 Abyss:2)
  13 red draconians (Depths:5 Zot:1 Zot:4 Zot:2 Zot:3)
  184 large abominations (Vaults:2 Abyss:1 Abyss:3 Abyss:2 Abyss:4)
  8 eidola (Crypt:2 Crypt:3 Abyss:1)
  5 blizzard demons (Abyss:3 Abyss:4 Abyss:1 Dis:6)
  An ettin (shapeshifter) (Abyss:1)
  A mummy priest (Crypt:3)
  3 quicksilver dragon zombies (Geh:2 Dis:7 Coc:6)
  2 green deaths (Abyss:2)
  16 fire dragons (Vaults:2 Vaults:1 Depths:2 Depths:3 Depths:4)
  16 jiangshi (Depths:1 Vaults:2 Crypt:1 Crypt:2 Tar:4)
  17 ettins (Vaults:2 Depths:1 Depths:2 Depths:3 Depths:4)
  13 deep elf death magi (Vaults:2 Elf:3 Crypt:1 Crypt:2 Crypt:3)
  7 death oozes (Slime:5)
  Snorg (D:13)
  8 deep elf high priests (Depths:5 Elf:1 Elf:3)
  21 great orbs of eyes (Vaults:3 Depths:1 Depths:2 Depths:3 Depths:4)
  14 yaktaur captains (Vaults:2 Vaults:3 Depths:4 Depths:5 Vaults:5)
  27 vault guards (Vaults:3 Vaults:4 Vaults:5)
  Josephine (Lair:3)
  14 ice dragons (Vaults:1 Depths:1 Depths:2 Depths:3 Depths:4)
  A spectral kraken (Tar:7)
  3 quicksilver dragon skeletons (Hell Geh:7)
  3 catoblepae (Lair:3 Lair:6 Abyss:1)
  6 ghost crabs (Swamp:3 Swamp:4 Swamp:2 Tar:3 Tar:6)
  19 naga warriors (Snake:1 Snake:2 Snake:3 Snake:4 Abyss:1)
  37 hydras (D:10 Lair:1 Lair:2 Swamp:3 Swamp:4)
  4 spriggan air magi (Depths:3 Depths:4)
  3 hell beasts (Depths:5 Dis:3)
  A shambling mangrove (Swamp:1)
  23 anacondas (Snake:1 Snake:2 Snake:3 Snake:4)
  2 death knights (Vaults:3 Crypt:1)
  19 rakshasas (D:12 Vaults:2 Vaults:1 Vaults:3 Depths:1)
  19 alligators (Lair:3 Swamp:1 Swamp:3 Swamp:2 Swamp:4)
  14 centaur warriors (Vaults:1 Vaults:2 Vaults:3 Depths:1 Depths:2)
  11 death yaks (Lair:2 Lair:3 Lair:6)
  28 dancing weapons (Elf:1 Elf:2 Elf:3)
  8 tengu warriors (Depths:1 Depths:2 Depths:3)
  Erica (D:11)
  26 hell hogs (Abyss:3 Hell Geh:2 Geh:3 Geh:7)
  10 vampire magi (Depths:1 Depths:3 Vaults:2 Crypt:2 Abyss:1)
  3 titan zombies (Geh:7 Dis:1 Abyss:1)
  61 thrashing horrors (Abyss:3 Abyss:2 Abyss:1)
  7 deep troll earth magi (Vaults:2 Vaults:1 Vaults:4 Depths:2 Depths:4)
  8 death scarabs (Tomb:1)
  22 deep troll shamans (Vaults:1 Lair:6 Vaults:2 Vaults:4 Depths:2)
  73 two-headed ogres (D:9 D:11 Vaults:4 Vaults:3 Vaults:2)
  20 ogre magi (Vaults:4 Vaults:3 Vaults:2 Vaults:1 D:15)
  5 shock serpents (Snake:1 Snake:3 Snake:4)
  A shock serpent (shapeshifter) (Depths:2)
  10 naga sharpshooters (Snake:1 Snake:2 Snake:3 Snake:4)
  5 spriggan berserkers (Depths:2 Depths:3 Depths:5)
  9 orc high priests (Orc:1 Orc:2 Elf:1)
  6 storm dragon zombies (Crypt:3 Geh:5 Dis:2 Abyss:2 Abyss:1)
  17 soul eaters (Crypt:1 Crypt:2 Crypt:3 Depths:5 Hell)
  2 titan skeletons (Geh:7 Tar:3)
  52 wretched stars (Abyss:1 Abyss:3 Abyss:4 Abyss:2)
  A fire crab (Lair:6)
  5 iron golems (Geh:7 Dis:5 Dis:7)
  90 skeletal warriors (Vaults:2 Vaults:3 Crypt:1 Hell Dis:2)
  17 deep elf knights (Vaults:3 Vaults:4 Elf:1 Elf:2)
  13 iron trolls (Depths:2 Depths:3 Dis:7)
  27 sun demons (Hell Depths:5 Geh:7 Abyss:1)
  16 spatial maelstroms (Abyss:1 Abyss:2)
  4 salamander mystics (Snake:2 Snake:3 Snake:4)
  2 golden dragon zombies (Dis:1 Dis:7)
  6 shadow wraiths (Vaults:4 Hell Abyss:2 Abyss:1)
  26 hell knights (Depths:2 Depths:3 Depths:4 Hell Geh:1)
  3 storm dragon skeletons (Crypt:3 Hell Abyss:1)
  41 deep trolls (D:10 Vaults:4 Vaults:2 Vaults:1 Vaults:3)
  An unseen horror (shapeshifter) (Depths:2)
  9 unseen horrors (D:13 D:14 Vaults:1 Abyss:1 Abyss:2)
  A spriggan druid (Swamp:4)
  3 ghost moth zombies (Crypt:1 Dis:2 Dis:6)
  14 sixfirhies (Abyss:1 Abyss:3 Abyss:4 Abyss:2)
  7 anaconda zombies (Crypt:1 Crypt:2 Hell Geh:7)
  23 glowing orange brains (Vaults:4 Depths:1 Depths:3 Depths:4 Depths:5)
  12 flayed ghosts (Crypt:2 Geh:7 Dis:7 Abyss:1 Dis:6)
  2 quicksilver dragon simulacra (Hell Abyss:1)
  2 death drakes (Abyss:1 Abyss:2)
  16 shadow demons (Depths:3 Dis:3 Tar:1 Tar:4 Hell)
  2 deep trolls (shapeshifter) (Vaults:3 Vaults:5)
  36 phantasmal warriors (Depths:2 Depths:3 Vaults:2 Crypt:1 Crypt:2)
  4 shadow dragon zombies (Hell Dis:3 Dis:7)
  2 wizards (Depths:4 Abyss:1)
  12 naga ritualists (Snake:1 Snake:2 Snake:4)
  2 anaconda skeletons (Abyss:1)
  8 deep elf archers (Vaults:3 Vaults:2 Elf:1 Elf:2)
  5 iron dragon zombies (Crypt:3 Geh:7 Coc:2)
  2 tengu zombies (Depths:3 Geh:4)
  13 orc knights (D:12 Orc:1 Vaults:2 Vaults:3 Vaults:4)
  32 necromancers (Vaults:4 Depths:1 Depths:3 Crypt:1 Crypt:2)
  10 swamp dragons (Swamp:2 Swamp:3 Swamp:4 Swamp:1 Zot:3)
  2 golden dragon skeletons (Geh:7 Abyss:2)
  10 harpies (Vaults:3 Vaults:4 Depths:3 Vaults:5)
  9 frost giant zombies (Crypt:3 Geh:1 Dis:3 Dis:7 Tar:3)
  2 salamanders (shapeshifter) (Elf:2 Abyss:1)
  9 salamanders (Snake:1 Snake:2 Snake:3 Snake:4 Abyss:1)
  A mana viper (shapeshifter) (Abyss:1)
  7 wolf spider zombies (Crypt:1 Hell Geh:3 Dis:2 Dis:7)
  8 stone giant zombies (Crypt:1 Crypt:2 Crypt:3 Geh:6 Geh:7)
  19 ironbrand convokers (Vaults:2 Vaults:1 Vaults:3 Vaults:4 Vaults:5)
  A lindwurm (Lair:6)
  9 mana vipers (Snake:1 Snake:3 Snake:4)
  2 orb spiders (Abyss:1)
  63 deep elf magi (Vaults:3 Vaults:2 D:13 D:15 Vaults:1)
  40 ugly things (D:11 D:12 D:13 D:7 D:15)
  A moth of wrath (shapeshifter) (Vaults:4)
  An oklob plant (Lair:3)
  8 wolf spiders (Vaults:2 Vaults:1 Vaults:3 Vaults:4)
  11 fire giant zombies (Crypt:1 Geh:5 Geh:7 Dis:5 Dis:7)
  14 manticores (D:12 D:14 Depths:3 Depths:4)
  7 orc sorcerers (Orc:2 Vaults:2 Vaults:3 Elf:1 Abyss:1)
  164 small abominations (Vaults:2 Abyss:1 Abyss:3 Abyss:4 Abyss:2)
  35 moths of wrath (Zot:1 Zot:4 Zot:3 Zot:2 Zot:5)
  3 shadow dragon skeletons (Crypt:3 Dis:2 Abyss:1)
  38 worldbinders (Abyss:1 Abyss:3 Abyss:2 Abyss:4)
  5 fire giant skeletons (Vaults:2 Depths:3 Abyss:1)
  20 guardian serpents (Snake:2 Snake:3 Snake:4 Abyss:1)
  4 cyclopes (D:12 D:14 Vaults:2 Vaults:1)
  4 shining eyes (Slime:4 Slime:5 Abyss:1)
  10 dire elephant zombies (Crypt:2 Hell Geh:6 Dis:3 Dis:4)
  4 frost giant skeletons (Vaults:2 Depths:3 Hell)
  27 rust devils (Dis:1 Dis:2 Dis:3 Dis:4 Dis:5)
  9 stone giant skeletons (Vaults:2 Crypt:1 Geh:7 Abyss:1 Tar:1)
  16 vault sentinels (Vaults:2 Vaults:1 Vaults:3 Vaults:4 Vaults:5)
  17 apocalypse crabs (Zot:4 Abyss:4 Abyss:1 Abyss:2)
  55 smoke demons (Depths:3 Abyss:1 Abyss:3 Depths:5 Hell)
  An eye of devastation (shapeshifter) (Vaults:4)
  14 molten gargoyles (Hell Geh:7)
  8 elephants (Lair:2 Lair:6)
  A spiny frog (shapeshifter) (Abyss:1)
  37 black mambas (Lair:5 Lair:2 Lair:1 Snake:1 Snake:2)
  Psyche (D:9)
  A shock serpent skeleton (Tar:6)
  28 naga magi (D:15 Snake:1 Snake:2 Snake:3 Snake:4)
  A storm dragon simulacrum (Abyss:1)
  A water nymph (shapeshifter) (Depths:2)
  5 eyes of devastation (Slime:3 Slime:5 Abyss:1 Abyss:2)
  23 spiny frogs (Lair:1 Lair:2 Swamp:1 Swamp:2 Swamp:3)
  A minotaur zombie (Hell)
  17 orange demons (Depths:3 Abyss:1 Abyss:2)
  4 dire elephant skeletons (Geh:5 Abyss:1 Tar:3 Tar:7)
  An elf skeleton (Depths:1)
  8 spectral swamp worms (Tar:7)
  2 gargoyles (D:10 D:11)
  A death yak zombie (Crypt:1)
  A yellow draconian zombie (Crypt:1)
  35 hellions (Depths:5 Geh:1 Geh:2 Geh:4 Geh:6)
  A rime drake (shapeshifter) (Depths:4)
  10 demonic crawlers (Zot:4 Abyss:3 Abyss:1 Abyss:2)
  4 emperor scorpion zombies (Crypt:3 Geh:7 Dis:7 Tar:3)
  An alligator snapping turtle skeleton (Crypt:1)
  42 yaktaurs (Vaults:1 Vaults:4 Vaults:3 Vaults:2 Depths:1)
  3 kobold demonologists (Abyss:1 Abyss:2)
  22 tormentors (Hell Geh:7 Dis:1 Dis:3 Dis:7)
  19 freezing wraiths (Vaults:1 Vaults:3 Vaults:4 Crypt:2 Crypt:3)
  12 efreet (D:15 Zot:4 Abyss:4 Abyss:1 Abyss:2)
  An anaconda simulacrum (Abyss:2)
  8 komodo dragons (Lair:6 Lair:5 Lair:3)
  A yaktaur skeleton (Vaults:2)
  2 rime drakes (Lair:6 Lair:5)
  4 catoblepas zombies (Hell Geh:2 Dis:7)
  A pale draconian skeleton (Crypt:2)
  35 ice devils (Lair:5 Depths:3 Hell Depths:5 Dis:1)
  25 hellwings (Crypt:3 Abyss:1 Abyss:2)
  60 ancient zymes (Abyss:1 Abyss:3 Abyss:2 Abyss:4 Depths:2)
  2 harpy zombies (Dis:5 Tar:5)
  37 red devils (Hell Geh:5 Geh:1 Geh:2 Geh:4)
  3 tengu conjurers (Depths:4)
  5 guardian mummies (Crypt:3 Tomb:1)
  5 silent spectres (Abyss:1 Tar:1 Tar:5 Tar:7)
  7 trolls (D:9 D:10 Orc:1 D:13 Vaults:2)
  9 hydra zombies (Crypt:3 Geh:5 Geh:7 Abyss:1 Tar:5)
  A queen bee (Lair:2)
  A spriggan skeleton (Depths:1)
  2 polar bears (Lair:6)
  A jumping spider (Vaults:1)
  A meliai (shapeshifter) (Abyss:3)
  A jumping spider (shapeshifter) (Abyss:4)
  A polar bear (shapeshifter) (Abyss:1)
  5 fire dragon zombies (Crypt:1 Crypt:3 Dis:2 Dis:3 Tar:1)
  9 hornets (Swamp:4 Vaults:2 Vaults:4 Swamp:1)
  140 raiju (Abyss:1 Abyss:3 Abyss:2)
  18 dream sheep (Lair:5 Lair:3 Lair:4)
  2 harpy skeletons (Tar:3 Tar:7)
  9 tyrant leeches (Swamp:3 Swamp:4 Swamp:2 Abyss:1)
  18 bog bodies (Swamp:1 Swamp:3 Swamp:4 Crypt:1 Swamp:2)
  8 ettin zombies (Crypt:2 Abyss:3 Geh:7 Dis:1 Dis:7)
  5 alligator zombies (Hell Dis:1 Abyss:1 Tar:1)
  95 slime creatures (D:10 Lair:3 Swamp:1 Swamp:2 D:15)
  7 ice dragon zombies (Crypt:3 Geh:4 Dis:3 Dis:7 Abyss:1)
  A meliai zombie (D:15)
  A snapping turtle (shapeshifter) (Depths:5)
  3 hippogriffs (shapeshifter) (Vaults:1 Vaults:3 Depths:4)
  An iron dragon simulacrum (Crypt:1)
  5 hydra skeletons (Hell Dis:3 Abyss:1)
  A slime creature (shapeshifter) (Depths:4)
  21 blink frogs (Lair:6 Abyss:1 Swamp:2 Swamp:3 Abyss:2)
  8 hippogriffs (D:9 Lair:1 Lair:2 Lair:3 Lair:4)
  2 stone giant simulacra (Crypt:2 Abyss:1)
  4 fire giant simulacra (Vaults:2 Vaults:3 Crypt:2 Abyss:1)
  2 black mamba zombies (Crypt:3 Tar:7)
  2 redbacks (Vaults:1)
  An ice dragon skeleton (Abyss:1)
  3 air elementals (Elf:2 Elf:3 Abyss:1)
  77 flying skulls (Abyss:1 Geh:3 Geh:4 Geh:7 Dis:3)
  6 ettin skeletons (Vaults:2 Crypt:2 Crypt:3 Geh:7 Abyss:1)
  6 fire dragon skeletons (Crypt:2 Crypt:3 Hell Geh:2 Tar:4)
  A redback (shapeshifter) (Vaults:5)
  A spriggan (shapeshifter) (Abyss:4)
  4 vampires (D:7 Abyss:1)
  38 wraiths (D:11 Swamp:1 Lair:3 D:14 D:15)
  A yak (shapeshifter) (Vaults:5)
  14 water elementals (D:14 Depths:2 Depths:4 Elf:1 Elf:2)
  An alligator skeleton (Crypt:3)
  3 spriggans (Swamp:4)
  18 shadows (Swamp:4 Swamp:2 Abyss:3 Geh:1 Geh:4)
  A black mamba skeleton (Dis:1)
  2 basilisks (D:13 Lair:6)
  55 yaks (D:9 D:10 Lair:6 Lair:1 D:11)
  3 wyverns (D:9 Lair:4)
  45 ynoxinuls (Abyss:1 Abyss:2 Abyss:3 Abyss:4)
  Grum (D:9)
  16 fire elementals (Elf:2 Depths:5 Hell Geh:4 Geh:7)
  A hog (shapeshifter) (Vaults:3)
  16 fire bats (Abyss:1 Abyss:4 Abyss:2)
  9 hungry ghosts (D:8 D:9 D:15 Abyss:1 Tar:2)
  5 golden eyes (Slime:2 Slime:3 Abyss:1)
  A basilisk (shapeshifter) (D:10)
  29 vampire mosquitoes (Swamp:2 Swamp:1 Swamp:3 Swamp:4 D:15)
  38 neqoxecs (Abyss:3 Abyss:1 Abyss:4 Depths:2 Abyss:2)
  15 swamp worms (Lair:3 Swamp:1 Swamp:2 Swamp:4 Swamp:3)
  16 wargs (Orc:1 Orc:2 Vaults:2 Vaults:3 Vaults:4)
  48 chaos spawn (Abyss:1 Abyss:3 Abyss:2 Abyss:4)
  87 nagas (Snake:1 Snake:2 Snake:3 Snake:4 Abyss:1)
  34 spatial vortices (Abyss:1 Dis:1 Dis:7 Abyss:2)
  A merfolk zombie (Dis:7)
  12 insubstantial wisps (Swamp:3 Swamp:4 Abyss:1)
  A soldier ant (shapeshifter) (Depths:3)
  15 water moccasins (Lair:1 Lair:6 Lair:2 Lair:5 Snake:1)
  3 acid dragons (D:14 Vaults:1)
  6 spiny frog zombies (Crypt:3 Hell Geh:7 Tar:1 Coc:2)
  A gelid demonspawn skeleton (Geh:4)
  88 hell hounds (Lair:4 Depths:3 Depths:4 Zot:4 Abyss:3)
  An infernal demonspawn skeleton (Crypt:2)
  3 floating eyes (Abyss:3 Abyss:4)
  11 porcupines (D:10 Lair:2 Lair:5 Lair:1 Lair:4)
  5 spiny frog skeletons (Crypt:3 Geh:1 Coc:6)
  2 hydra simulacra (Crypt:2 Abyss:1)
  16 swamp drakes (Lair:3 Swamp:1 Swamp:3 Swamp:4)
  30 orc warriors (D:8 D:10 D:11 D:12 Orc:1)
  2 spriggan simulacra (Depths:1 Crypt:1)
  11 ice beasts (D:6 D:15 Abyss:1 Abyss:2 Coc:2)
  4 sky beasts (D:7 D:13 Abyss:1 Abyss:2)
  8 phantoms (D:4 D:9 Geh:1 Geh:2 Geh:3)
  2 fire dragon simulacra (Crypt:2 Abyss:2)
  2 manticore zombies (Abyss:1 Coc:6)
  17 necrophages (D:7 D:9 D:11 D:12 Vaults:2)
  An elephant zombie (Crypt:2)
  5 snapping turtle zombies (Geh:7 Dis:7 Tar:2 Coc:2)
  3 black bears (D:9 Lair:5)
  A black bear (shapeshifter) (Vaults:1)
  3 manticore skeletons (Crypt:2 Crypt:3 Abyss:1)
  An eye of draining (shapeshifter) (Depths:1)
  An ettin simulacrum (Abyss:1)
  A black mamba simulacrum (Abyss:1)
  6 eyes of draining (D:11 Slime:5 Slime:4 Abyss:1 Abyss:2)
  8 boggarts (Vaults:3 Abyss:3)
  33 wolves (D:9 Lair:4 Lair:3 Lair:2 Lair:5)
  56 ogres (D:4 D:5 D:6 D:7 D:8)
  9 human skeletons (Vaults:2 Geh:7 Tar:7)
  12 centaurs (D:6 D:8 D:9 D:14 Vaults:2)
  A snapping turtle skeleton (Tar:3)
  A swamp dragon skeleton (Crypt:3)
  A rime drake zombie (Crypt:1)
  A crocodile (shapeshifter) (Depths:4)
  13 crocodiles (Lair:6 Lair:5 Lair:4 Lair:2 Lair:1)
  3 big kobolds (D:10 D:13)
  A blink frog skeleton (Crypt:1)
  A yaktaur zombie (Crypt:2)
  Blork the orc (D:5)
  22 bullfrogs (D:6 D:7 D:8 D:9 D:10)
  An elf zombie (Tar:6)
  9 earth elementals (Elf:1 Abyss:2 Elf:2 Abyss:1)
  A glowing shapeshifter simulacrum (Depths:3)
  A spiny frog simulacrum (Hell)
  11 wyvern skeletons (D:10 Crypt:3)
  A water moccasin skeleton (D:7)
  2 troll zombies (Geh:7 Tar:2)
  4 scorpions (D:10 D:12 D:13)
  A shapeshifter zombie (Crypt:1)
  A snapping turtle simulacrum (Coc:6)
  A spriggan zombie (Dis:1)
  2 human simulacra (Vaults:3 Abyss:1)
  32 killer bees (D:8 D:10 D:9 Lair:2)
  38 wights (D:9 Abyss:1 Geh:5 Geh:2 Geh:6)
  An electric eel (D:12)
  3 howler monkeys (D:5 D:9 D:14)
  7 centaur zombies (D:8 D:10 D:12 D:14 Crypt:2)
  A bullfrog zombie (D:9)
  17 crimson imps (D:6 D:8 D:9 D:10 Depths:3)
  248 starcursed masses (Abyss:1 Abyss:3 Abyss:2 Abyss:4 Depths:2)
  2 human zombies (Geh:7 Dis:6)
  31 quasits (Depths:3 Abyss:1 Abyss:3 Abyss:2)
  5 centaur skeletons (D:9 D:11 D:13)
  10 hounds (D:4 D:6 D:7 D:9 D:12)
  57 iron imps (Depths:1 Dis:1 Dis:2 Dis:3 Dis:4)
  12 jellies (D:7 D:8 Swamp:2 Abyss:1 Abyss:2)
  42 orc priests (D:4 D:6 D:10 D:11 D:12)
  2 bullfrog skeletons (D:8 Crypt:2)
  29 orc wizards (D:4 D:5 D:6 D:8 D:9)
  An iguana (shapeshifter) (D:7)
  2 iguanas (D:5 D:13)
  12 worker ants (D:6 D:7 D:8 D:9 D:11)
  2 killer bee zombies (D:8 Crypt:1)
  A naga zombie (Hell)
  A deep dwarf skeleton (Crypt:2)
  A crocodile skeleton (Crypt:1)
  A hound skeleton (D:7)
  7 mummies (Dis:1 Dis:2 Tomb:1 Coc:2 Coc:6)
  2 worker ant zombies (D:7 D:9)
  7 gnolls (D:4 D:6)
  19 adders (D:2 D:3 D:4 D:5 D:6)
  17 shadow imps (D:7 D:8 D:14 Depths:3 Abyss:2)
  30 white imps (Depths:2 Depths:3 Abyss:1 Abyss:2 Abyss:4)
  29 ufetubi (Vaults:3 Depths:3 Abyss:1 Abyss:2)
  An ooze (D:14)
  An adder zombie (D:8)
  An iguana skeleton (Crypt:1)
  A worm (D:2)
  2 dart slugs (D:1 D:3)
  5 leopard geckos (D:2 D:5 D:8 D:10)
  109 orcs (D:4 D:5 D:6 D:7 D:8)
  8 giant cockroaches (D:1 D:2 D:3 D:6 D:7)
  5 goblins (D:2 D:3)
  6 hobgoblins (D:1 D:2 D:3)
  6 jackals (D:1 D:3)
  7 quokkas (D:2 D:3 D:5 D:7 D:9)
  A ball python (D:3)
  3 bats (D:1 D:3)
  3 frilled lizards (D:1 D:2)
  3 jackal skeletons (D:5 D:7 Crypt:2)
  15 kobolds (D:1 D:2 D:3 D:10 D:12)
  A kobold skeleton (Crypt:1)
  A kobold zombie (Crypt:3)
  3 leopard gecko skeletons (D:6 Crypt:1)
  An orc skeleton (Coc:2)
  An orc zombie (Abyss:2)
  A quokka skeleton (D:8)
  A quokka zombie (D:10)
  5 rats (D:1 D:2 D:3)
  5 crawling corpses (Vaults:2 Vaults:5)
  10 fungi (Lair:3 Lair:2 Lair:6 D:12 Elf:2)
  5 lurking horrors (Abyss:1 Abyss:2)
  4 plants (Lair:3 Lair:2 Lair:6 Depths:5)
  65 starspawn tentacles (Abyss:1 Abyss:2)
  5 tentacles (Abyss:1 Tar:7)
  6 withered plants (Crypt:3)
5813 creatures vanquished.

Vanquished Creatures (collateral kills)
  A very ugly thing (Abyss:2)
  A large abomination (Abyss:2)
  A raiju (Abyss:2)
  A water moccasin (Lair:6)
  A small abomination (Abyss:2)
  A white imp (Abyss:2)
6 creatures vanquished.

Vanquished Creatures (others)
  A lich (Vaults:5)
  4 eldritch tentacles (Dis:1 Dis:7)
  A tentacled starspawn (Abyss:2)
  A fire giant (Depths:3)
  A vault warden (Vaults:5)
  A draconian annihilator (Zot:4)
  A reaper (Geh:7)
  A deep elf elementalist (Elf:3)
  A yaktaur captain (Vaults:4)
  4 centaur warriors (Vaults:2 Vaults:3 Vaults:4 Depths:2)
  A tengu warrior (Depths:4)
  2 hell hogs (Geh:7 Dis:5)
  3 naga sharpshooters (Snake:1 Snake:4)
  A deep elf knight (Vaults:4)
  A large abomination (Abyss:2)
  3 deep elf archers (Vaults:2 Elf:1)
  3 deep elf magi (Elf:1 Elf:2)
  A black mamba (Lair:6)
  A molten gargoyle (Geh:7)
  A tormentor (Dis:5)
  10 yaktaurs (Vaults:3 Vaults:2 Depths:1 Depths:2 Depths:4)
  A hornet (Vaults:5)
  A blink frog (Swamp:2)
  A fire giant simulacrum (Abyss:2)
  A flying skull (Dis:3)
  A black mamba zombie (Geh:7)
  2 ynoxinuls (Abyss:4 Abyss:2)
  A basilisk (Lair:6)
  2 golden eyes (Slime:3 Abyss:1)
  A fire elemental (Geh:7)
  A neqoxec (Abyss:2)
  4 small abominations (Abyss:4 Abyss:1)
  A boggart (Vaults:3)
  6 centaurs (Vaults:2 Lair:5 Vaults:1)
  2 wights (Abyss:1)
  A starcursed mass (Abyss:1)
  A quasit (Abyss:1)
  A jelly (Abyss:4)
  2 iron imps (Dis:7 Abyss:2)
  A naga zombie (Geh:2)
  An ufetubus (Abyss:4)
  A ball lightning (Zot:5)
  A bush (Lair:4)
  48 fungi (D:10 Lair:6 Lair:5 Lair:4 Lair:1)
  7 lurking horrors (Abyss:3 Abyss:1 Abyss:2)
  24 plants (D:10 Lair:2 Lair:6 Lair:4 Swamp:4)
  181 starspawn tentacles (Abyss:1 Abyss:3 Abyss:4 Abyss:2)
  10 tentacles (Abyss:1 Tar:7)
  27 withered plants (D:14 Crypt:3)
374 creatures vanquished.

Grand Total: 6193 creatures vanquished

Notes
Turn   | Place    | Note
-------+----------+-------------------------------------------
     0 | D:1      | shummie the Formicid Enchanter began the quest for the Orb.
     0 | D:1      | Reached XP level 1. HP: 13/13 MP: 3/3
   257 | D:1      | HP: 3/13 [jackal (1)]
   259 | D:1      | HP: 1/13 [jackal (2)]
   260 | D:1      | Reached skill level 4 in Hexes
   641 | D:1      | Reached XP level 2. HP: 18/20 MP: 5/5
   876 | D:1      | Reached skill level 1 in Fighting
  1315 | D:2      | Reached skill level 2 in Fighting
  1353 | D:2      | Reached XP level 3. HP: 27/27 MP: 6/6
  2066 | D:2      | Reached skill level 3 in Fighting
  2352 | D:2      | Reached XP level 4. HP: 15/35 MP: 7/7
  2993 | D:3      | Noticed Grinder
  3336 | D:3      | Reached skill level 4 in Fighting
  3867 | D:4      | Reached skill level 1 in Armour
  3867 | D:4      | Reached XP level 5. HP: 31/42 MP: 8/8
  4210 | D:4      | Reached skill level 2 in Armour
  4251 | D:4      | Noticed an ogre
  4707 | D:4      | Reached skill level 3 in Armour
  4886 | D:4      | Reached skill level 1 in Maces & Flails
  4886 | D:4      | Reached XP level 6. HP: 45/48 MP: 9/9
  5219 | D:4      | Reached skill level 2 in Maces & Flails
  5329 | D:4      | Noticed a phantom
  5414 | D:4      | Killed an ogre
  5414 | D:4      | Reached skill level 4 in Armour
  5414 | D:4      | Reached XP level 7. HP: 54/54 MP: 10/10
  5601 | D:4      | Reached skill level 3 in Maces & Flails
  6139 | D:5      | Entered Level 5 of the Dungeon
  6168 | D:5      | Found a bloodstained altar of Trog.
  6304 | D:5      | Reached skill level 5 in Armour
  6355 | D:5      | Reached skill level 4 in Maces & Flails
  6381 | D:5      | Noticed Blork the orc
  7179 | D:5      | Reached XP level 8. HP: 57/60 MP: 11/11
  7502 | D:6      | Reached skill level 5 in Maces & Flails
  7711 | D:6      | Reached skill level 6 in Maces & Flails
  8187 | D:6      | Reached skill level 7 in Maces & Flails
  8957 | D:7      | Noticed a white ugly thing
  8958 | D:7      | Noticed a vampire
  8959 | D:7      | Noticed a tarantella
  8960 | D:7      | Found an iron altar of Okawaru.
  8961 | D:7      | Found a transporter.
  8961 | D:7      | Noticed a fire crab
  8961 | D:7      | a tarantella changed into a fire crab
  8973 | D:7      | Reached XP level 9. HP: 55/65 MP: 12/12
  9036 | D:7      | Reached skill level 1 in Axes
  9036 | D:7      | Reached skill level 1 in Evocations
  9131 | D:7      | Reached skill level 2 in Evocations
  9141 | D:7      | Noticed a hornet
  9145 | D:7      | Found a transporter.
  9165 | D:7      | Reached skill level 2 in Axes
  9228 | D:7      | Reached skill level 5 in Fighting
  9255 | D:7      | Found an opulent altar of Gozag.
  9291 | D:7      | Reached skill level 3 in Evocations
  9392 | D:7      | Noticed a yaktaur
  9457 | D:7      | Found a staircase to the Ecumenical Temple.
  9468 | D:7      | Reached skill level 3 in Axes
  9482 | Temple   | Entered the Ecumenical Temple
  9714 | Temple   | shummie: ??wu jian
  9714 | Temple   | beem: wu jian[1/7]: WJC is a god based on mobile melee
                  | combat, offering strong incentives to fight groups of
                  | enemies in the open. It provides melee characters with a
                  | strong but relatively flat power increase in the form of
                  | special attacks triggered by moving, and offers effective
                  | positioning tools to hybrids and ranged characters.
  9714 | Temple   | shummie: ??wu jian[2
  9714 | Temple   | beem: wu jian[2/7]: Lunge: Triggered by moving towards an
                  | enemy. Deals extra damage against slowed or distracted
                  | enemies.
  9714 | Temple   | shummie: ??wu jian[3
  9714 | Temple   | beem: wu jian[3/7]: Whirlwind: Triggered by moving from a
                  | tile adjacent to an enemy to another tile adjacent to it.
  9714 | Temple   | shummie: ??wu jian[4
  9714 | Temple   | beem: wu jian[4/7]: Wall Jump: Triggered by moving toward
                  | an adjacent solid obstacle. It propels the character two
                  | tiles in the opposite direction, attacking in an area of
                  | effect. Can cause a brief distraction to onlookers.
  9714 | Temple   | shummie: ??wu jian[5
  9714 | Temple   | beem: wu jian[5/7]: Serpent's Lash: Instant ability with
                  | Exhaustion and a moderate Piety cost. Causes your next two
                  | movement actions to be instant, and boosts your martial
                  | attacks during them.
  9714 | Temple   | shummie: ??wu jian[6
  9714 | Temple   | beem: wu jian[6/7]: Heavenly Storm: Summons a storm of
                  | golden clouds. Provides a hefty Slaying bonus and
                  | constantly triggers a powerful opaque fog, reducing
                  | visibility and protecting against ranged monsters. The
                  | storm is very short lived, but continuing to use martial
                  | attacks against multiple enemies refreshes the duration and
                  | increases the slaying bonus.
  9714 | Temple   | shummie: ??wu jian[7
  9714 | Temple   | beem: wu jian[7/7]: fr demigods can worship wu jian
                  | because it's not really a god you're just a monk guy
  9716 | Temple   | Became a worshipper of the Wu Jian Council
 10269 | D:8      | Reached skill level 6 in Fighting
 10358 | D:8      | Reached skill level 4 in Axes
 10509 | D:8      | Reached skill level 2 in Dodging
 10509 | D:8      | Reached skill level 1 in Shields
 10719 | D:8      | Reached skill level 2 in Shields
 11170 | D:8      | Found a sacrificial altar of Ru.
 11171 | D:8      | Found a hide-covered altar of Uskayaw.
 11183 | D:8      | Reached XP level 10. HP: 74/74 MP: 13/13
 11268 | D:8      | Reached skill level 3 in Dodging
 11268 | D:8      | Reached skill level 3 in Shields
 11282 | D:8      | Reached skill level 5 in Axes
 11588 | D:9      | Got a translucent leather armour
 11660 | D:9      | Reached * piety under Wu Jian
 11665 | D:9      | Noticed a two-headed ogre
 12203 | D:9      | Reached skill level 4 in Shields
 12304 | D:9      | Reached skill level 4 in Dodging
 12336 | D:9      | Reached skill level 6 in Axes
 12433 | D:9      | shummie: !ac 10
 12433 | D:9      | beem: 2.2 armour skill per 1 AC for 10 base AC
 12507 | D:9      | Noticed a two-headed ogre
 12655 | D:9      | Killed a two-headed ogre
 12655 | D:9      | Reached skill level 7 in Axes
 12704 | D:9      | Reached skill level 8 in Axes
 12782 | D:9      | Noticed Gastronok
 13168 | D:10     | Entered Level 10 of the Dungeon
 13229 | D:10     | Noticed Grum
 13236 | D:9      | Reached XP level 11. HP: 72/79 MP: 14/14
 13407 | D:10     | Reached ** piety under Wu Jian
 13426 | D:9      | Reached skill level 4 in Evocations
 13502 | D:9      | Reached skill level 6 in Armour
 13561 | D:9      | Killed Grum
 13561 | D:9      | Reached skill level 7 in Fighting
 13686 | D:10     | HP: 20/84 [poisoned by a killer bee]
 13898 | D:9      | Reached skill level 8 in Fighting
 14045 | D:10     | Noticed Psyche
 14091 | D:9      | Killed Psyche
 14321 | D:10     | Reached skill level 5 in Dodging
 14371 | D:10     | Noticed a four-headed hydra
 14375 | D:10     | Killed a four-headed hydra
 14375 | D:10     | Reached skill level 6 in Dodging
 14717 | D:10     | Reached *** piety under Wu Jian
 14766 | D:10     | Found a staircase to the Lair.
 14766 | D:10     | Noticed a two-headed ogre
 14931 | D:9      | Reached skill level 7 in Dodging
 15087 | D:10     | Reached skill level 7 in Armour
 15108 | Lair:1   | Entered Level 1 of the Lair of Beasts
 15134 | Lair:1   | Noticed a four-headed hydra
 15154 | Lair:1   | Killed a four-headed hydra
 15154 | Lair:1   | Reached skill level 8 in Armour
 15154 | Lair:1   | Reached XP level 12. HP: 63/92 MP: 15/15
 15302 | Lair:1   | You fall through a shaft!
 15354 | Lair:2   | You fall through a shaft for 2 floors!
 15357 | Lair:4   | You fall through a shaft!
 15357 | Lair:5   | Found a staircase to the Slime Pits.
 15360 | Lair:5   | You fall through a shaft!
 15360 | Lair:6   | Entered Level 6 of the Lair of Beasts
 15454 | Lair:6   | Reached skill level 9 in Armour
 15469 | Lair:6   | Reached skill level 9 in Axes
 15727 | Lair:5   | Reached skill level 10 in Axes
 15991 | Lair:5   | Reached **** piety under Wu Jian
 16114 | Lair:4   | Found a staircase to the Snake Pit.
 16188 | Lair:2   | Noticed a five-headed hydra
 16202 | Lair:3   | Found a staircase to the Swamp.
 16221 | Lair:3   | Noticed a catoblepas
 16271 | Lair:3   | Killed a catoblepas
 16271 | Lair:3   | Reached skill level 11 in Axes
 16517 | Lair:2   | Noticed a death yak
 16517 | Lair:2   | Noticed a death yak
 16518 | Lair:2   | Noticed a death yak
 16610 | Lair:2   | Noticed a death yak
 16618 | Lair:2   | Noticed a death yak
 16791 | Lair:2   | Killed a death yak
 16791 | Lair:2   | Reached skill level 5 in Shields
 16902 | Lair:2   | HP: 23/92 [death yak (21)]
 17026 | Lair:2   | Killed a death yak
 17026 | Lair:2   | Reached skill level 5 in Evocations
 17235 | Lair:2   | Killed a five-headed hydra
 17235 | Lair:2   | Reached XP level 13. HP: 56/99 MP: 17/17
 17545 | Lair:2   | Noticed a five-headed hydra
 17597 | Lair:2   | Killed a five-headed hydra
 17707 | Lair:2   | Reached skill level 9 in Fighting
 17821 | Lair:2   | Reached skill level 12 in Axes
 18345 | Lair:1   | Noticed a four-headed hydra
 18369 | Lair:1   | Killed a four-headed hydra
 18644 | Lair:1   | Reached skill level 13 in Axes
 19971 | D:10     | Identified a scroll of acquirement
 20097 | D:11     | Found a runed translucent door.
 20097 | D:11     | Found the +15 Maxwell's patent armour {-Cast -Tele rElec
                  | MR+ rCorr}
 20420 | D:11     | shummie: @?tengu
 20420 | D:11     | beem: tengu (Q)
                  | Spd: 10 (move: 90%)
                  | HD: 5
                  | HP: 19-26
                  | | AC/EV: 2/11
                  | Dam: 10, 5, 5
                  | weapons, items, doors, fly
                  | | Res: magic(20)
                  | XP:
   118 | Sz: Medium | Int: human.
 20594 | D:11     | Reached skill level 6 in Shields
 20720 | D:11     | Reached ***** piety under Wu Jian
 20808 | D:11     | Noticed Erica
 20823 | D:11     | Killed Erica
 20949 | D:11     | You fall through a shaft!
 21094 | D:12     | Reached XP level 14. HP: 109/109 MP: 18/18
 21247 | D:12     | Found a roughly hewn altar of Beogh.
 21247 | D:12     | Found a staircase to the Orcish Mines.
 21318 | Orc:1    | Entered Level 1 of the Orcish Mines
 21405 | Orc:1    | Reached skill level 10 in Armour
 21463 | D:12     | Reached skill level 10 in Fighting
 21517 | Orc:1    | Reached skill level 7 in Shields
 21540 | Orc:2    | Entered Level 2 of the Orcish Mines
 22066 | Orc:2    | Reached ****** piety under Wu Jian
 22120 | Orc:2    | Reached skill level 8 in Shields
 22210 | Orc:2    | Gained mutation: Your magical capacity is low. (-10% MP) [a
                  | neqoxec]
 22214 | Orc:2    | HP: 24/110 [burnt (7)]
 22220 | Orc:2    | HP: 27/110 [warg (1)]
 22226 | Orc:2    | Reached skill level 14 in Axes
 22378 | Orc:2    | Found Uhiteg's Antique Armour Shoppe.
 22378 | Orc:2    | Found Teotefe's Assorted Antiques.
 22403 | Orc:2    | Found a roughly hewn altar of Beogh.
 22481 | Orc:2    | Reached skill level 11 in Armour
 22649 | Orc:2    | Found Qerieb's Magic Scroll Shoppe.
 22649 | Orc:2    | Found Hyqorry's Weapon Boutique.
 22665 | Orc:2    | Bought a scroll of fog for 32 gold pieces
 22708 | Orc:2    | Bought a pair of embroidered gloves for 232 gold pieces
 22781 | D:12     | Found Zaolo's Food Shoppe.
 22998 | Lair:2   | Reached skill level 9 in Shields
 23159 | Swamp:1  | Entered Level 1 of the Swamp
 23202 | Swamp:1  | Noticed Josephine
 23240 | Lair:3   | Killed Josephine
 23450 | Swamp:1  | Reached skill level 15 in Axes
 23765 | Swamp:1  | Reached XP level 15. HP: 102/115 MP: 17/17
 24112 | Swamp:4  | Entered Level 4 of the Swamp
 24482 | Swamp:4  | Noticed Louise
 24710 | Swamp:3  | HP: 28/117 [bog body (3)]
 24712 | Swamp:3  | HP: 8/117 [bog body/bolt of cold (12)]
 24867 | Swamp:3  | Reached skill level 11 in Fighting
 25024 | Swamp:3  | Reached skill level 12 in Armour
 25797 | Swamp:3  | Reached skill level 12 in Fighting
 26060 | Swamp:4  | Killed Louise
 26213 | Swamp:4  | Reached skill level 16 in Axes
 26361 | Swamp:4  | Noticed the 27-headed Lernaean hydra
 26383 | Swamp:4  | HP: 28/120 [the 24-headed Lernaean hydra (6)]
 26385 | Swamp:4  | Killed the 22-headed Lernaean hydra
 26385 | Swamp:4  | Reached XP level 16. HP: 24/127 MP: 18/18
 26546 | Swamp:4  | NOTE:cool play
 26546 | Swamp:4  | NOTE:lerny almost killed me. god powers ftw. also, i suck
                  | at this game
 26625 | Swamp:4  | Got a decaying rune of Zot
 26924 | D:13     | Found an iron altar of Okawaru.
 27225 | D:13     | Found a stormy altar of Qazlal.
 27242 | D:13     | Noticed Snorg
 27330 | D:13     | Reached skill level 17 in Axes
 27588 | D:14     | Found a runed translucent gate.
 27588 | D:14     | Found a runed translucent gate.
 27588 | D:14     | Found a runed translucent gate.
 27588 | D:14     | Noticed Jogov's ghost (journeyman DgWz)
 27592 | D:14     | Noticed Hieroaca's ghost (journeyman DsGl)
 27633 | D:14     | Found a gate to the Vaults.
 27692 | Vaults:1 | Entered Level 1 of the Vaults
 27856 | Vaults:1 | You fall through a shaft!
 27904 | Vaults:2 | You fall through a shaft!
 27907 | Vaults:3 | You fall through a shaft!
 28130 | Vaults:3 | Noticed a sphinx
 28153 | Vaults:3 | Killed a sphinx
 28153 | Vaults:3 | Reached skill level 10 in Shields
 28254 | Vaults:5 | Entered Level 5 of the Vaults
 28255 | Vaults:5 | Noticed a tengu reaver
 28431 | Vaults:3 | Reached skill level 11 in Shields
 28510 | Vaults:3 | Reached skill level 18 in Axes
 28523 | Vaults:3 | Noticed an Ice Fiend
 28813 | Vaults:2 | Reached XP level 17. HP: 124/133 MP: 19/19
 28916 | Vaults:2 | Reached skill level 12 in Shields
 29153 | Vaults:2 | Reached skill level 19 in Axes
 29271 | Vaults:2 | Noticed a sphinx
 29275 | Vaults:2 | You fall through a shaft!
 29515 | Vaults:2 | Noticed Donald
 29531 | Vaults:2 | Killed Donald
 29531 | Vaults:2 | Reached skill level 6 in Evocations
 29577 | Vaults:1 | Found the +5 pair of quick blades "Gyre" and "Gimble"
                  | {pierce, Dex-3}
 29870 | D:9      | Killed Gastronok
 30358 | Lair:3   | Reached XP level 18. HP: 106/141 MP: 20/20
 30655 | Lair:3   | Got a scintillating turquoise ring
 30657 | Lair:3   | Identified the ring "Rycios" {rPois Stlth-} (You found it
                  | on level 3 of the Lair of Beasts)
 31891 | Lair:5   | Reached skill level 13 in Shields
 32036 | Lair:5   | Found a white marble altar of Elyvilon.
 32461 | Lair:6   | Noticed Nessos
 32461 | Lair:6   | Noticed Rupert
 32463 | Lair:6   | Noticed Nessos
 32463 | Lair:6   | Nessos changed into Nessos the fire crab
 32482 | Lair:5   | Reached skill level 13 in Armour
 32528 | Lair:6   | Killed Nessos the fire crab
 32528 | Lair:6   | Reached skill level 13 in Fighting
 32613 | Lair:6   | Killed Rupert
 33807 | Orc:1    | Reached skill level 14 in Shields
 33903 | Orc:1    | Found Nufeulax's Antique Armour Boutique.
 33911 | Orc:1    | Bought a glowing scarf for 248 gold pieces
 34001 | Orc:1    | Found Fuamep's Antique Weapon Shoppe.
 34008 | Orc:1    | Bought a glowing battleaxe for 294 gold pieces
 34111 | Orc:2    | Found Piyrchie's Distillery.
 34119 | Orc:2    | Bought a potion of heal wounds for 60 gold pieces
 34119 | Orc:2    | Bought a potion of curing for 36 gold pieces
 34119 | Orc:2    | Bought a potion of curing for 36 gold pieces
 34119 | Orc:2    | Bought a potion of curing for 36 gold pieces
 34119 | Orc:2    | Bought a potion of cancellation for 96 gold pieces
 34119 | Orc:2    | Bought a potion of cancellation for 96 gold pieces
 34481 | Orc:2    | Found a staircase to the Elven Halls.
 34592 | Orc:1    | You fall through a shaft!
 34623 | Orc:1    | Found Hoxyt's Jewellery Shop.
 34629 | Orc:1    | Bought an uncursed ring of protection from fire for 325
                  | gold pieces
 34726 | D:13     | Killed Snorg
 35829 | D:11     | Found Vizeapho's Assorted Antiques.
 36156 | D:5      | Killed Blork the orc
 37016 | D:13     | Found Bech's Antique Weapon Boutique.
 37546 | D:14     | Reached skill level 14 in Fighting
 37793 | D:15     | Entered Level 15 of the Dungeon
 37798 | D:15     | Got a scorched war axe
 37801 | D:15     | Identified the +11 war axe of the Eleven Wars {venom, rElec
                  | MP+9 SInv} (You found it on level 15 of the Dungeon)
 38269 | D:15     | Found a staircase to the Depths.
 38280 | D:15     | Reached skill level 15 in Shields
 38602 | Snake:1  | Entered Level 1 of the Snake Pit
 38679 | Snake:1  | Found Holo's Gadget Boutique.
 38687 | Snake:1  | Got an ichor-stained ring mail
 38797 | Snake:1  | Reached XP level 19. HP: 129/152 MP: 21/21
 38908 | Snake:1  | Noticed Aizul
 38935 | Snake:1  | Killed Aizul
 39593 | Snake:1  | Reached skill level 8 in Dodging
 39971 | Snake:2  | Found Xoixkagg's Jewellery Boutique.
 40410 | Snake:2  | Found a sacrificial altar of Ru.
 41281 | Snake:3  | Reached skill level 14 in Armour
 41557 | Snake:3  | Reached skill level 15 in Fighting
 42241 | Snake:4  | Entered Level 4 of the Snake Pit
 42245 | Snake:4  | Reached skill level 9 in Dodging
 42829 | Snake:4  | Reached XP level 20. HP: 126/163 MP: 22/22
 43213 | Snake:4  | Found a stormy altar of Qazlal.
 43379 | Snake:4  | Reached skill level 10 in Dodging
 43464 | Snake:4  | Reached skill level 15 in Armour
 43756 | Snake:4  | Reached skill level 16 in Fighting
 44107 | Snake:4  | Got a serpentine rune of Zot
 44775 | Vaults:1 | Reached skill level 11 in Dodging
 44861 | Vaults:1 | Reached XP level 21. HP: 109/172 MP: 22/22
 45045 | Vaults:1 | Learned a level 2 spell: Shroud of Golubria
 45050 | Vaults:1 | Learned a level 4 spell: Passage of Golubria
 45383 | Vaults:1 | Reached skill level 16 in Armour
 45657 | Vaults:1 | Reached skill level 17 in Fighting
 46090 | Vaults:2 | Found a staircase to the Crypt.
 46261 | Vaults:2 | Found Zuohos's Jewellery Shop.
 46891 | Vaults:2 | Reached skill level 12 in Dodging
 46896 | Vaults:2 | Reached skill level 1 in Throwing
 46969 | Vaults:2 | Found a deep blue altar of Sif Muna.
 47276 | Vaults:3 | Reached skill level 2 in Throwing
 47439 | Vaults:3 | Reached skill level 3 in Throwing
 47713 | Vaults:3 | Reached skill level 17 in Armour
 47720 | Vaults:3 | Reached XP level 22. HP: 155/183 MP: 23/23
 47743 | Vaults:3 | Reached skill level 4 in Throwing
 48266 | Vaults:3 | Reached skill level 18 in Fighting
 48623 | Vaults:4 | Noticed Sojobo
 48646 | Vaults:4 | Killed Sojobo
 48646 | Vaults:4 | Reached skill level 5 in Throwing
 48898 | Vaults:4 | Reached skill level 7 in Evocations
 49111 | Vaults:4 | Reached skill level 13 in Dodging
 49116 | Vaults:4 | Reached skill level 6 in Throwing
 50217 | Depths:1 | Entered Level 1 of the Depths
 50271 | Depths:1 | Found Fiohyvvo's Food Shoppe.
 50308 | Depths:1 | Found a gateway to a ziggurat.
 50380 | Depths:1 | Found a sparkling altar of Nemelex Xobeh.
 50395 | Depths:1 | Reached XP level 23. HP: 188/192 MP: 26/26
 50408 | Depths:1 | Reached skill level 8 in Evocations
 50604 | Depths:1 | Reached skill level 7 in Throwing
 50650 | Depths:1 | Found a gateway to Hell.
 50799 | Depths:1 | Reached skill level 18 in Armour
 51659 | Depths:2 | Reached skill level 8 in Throwing
 51826 | Depths:2 | Found a one-way gate to the infinite horrors of the Abyss.
 51876 | Depths:2 | Found a flickering gateway to a bazaar.
 51898 | Depths:2 | Reached skill level 19 in Fighting
 51968 | Bazaar   | Entered a bazaar
 51968 | Bazaar   | Found Yriunudd's General Store.
 51978 | Bazaar   | Found Dusekeke's Antique Armour Emporium.
 51989 | Bazaar   | Found Qiroshras's Distillery.
 51997 | Bazaar   | Bought a potion of heal wounds for 35 gold pieces
 51997 | Bazaar   | Bought a potion of agility for 28 gold pieces
 51997 | Bazaar   | Bought a potion of mutation for 56 gold pieces
 51997 | Bazaar   | Bought a potion of heal wounds for 35 gold pieces
 51997 | Bazaar   | Bought a potion of heal wounds for 35 gold pieces
 51997 | Bazaar   | Found Ituib's Jewellery Boutique.
 52008 | Bazaar   | Found Doacuot's Antique Weapon Emporium.
 52049 | Bazaar   | Bought the cursed necklace of Bloodlust {*Rage +Rage MR++
                  | Int-3 Slay+6 *Curse} for 484 gold pieces
 52049 | Bazaar   | Found the cursed necklace of Bloodlust {*Rage +Rage MR++
                  | Int-3 Slay+6 *Curse}
 52346 | Depths:2 | Reached skill level 14 in Dodging
 52673 | Depths:2 | Reached skill level 9 in Throwing
 52686 | Depths:2 | Got a glittering ivory ring
 52688 | Depths:2 | Identified the ring "Ydie" {MR+ Str+3 Int+7} (You acquired
                  | it on level 2 of the Depths)
 52737 | Depths:2 | Noticed a juggernaut
 52749 | Depths:2 | Killed a juggernaut
 52749 | Depths:2 | Reached XP level 24. HP: 199/201 MP: 26/26
 53078 | Depths:2 | Identified the +5 rapier "Wapul" {pierce, rF+ Int+4}
 53501 | Depths:3 | Identified the +2 faerie dragon scales {*Drain rCorr Str+2
                  | Stlth+}
 53501 | Depths:3 | Noticed the Enchantress
 53787 | Depths:3 | Killed the Enchantress
 53787 | Depths:3 | Reached skill level 19 in Armour
 53794 | Depths:3 | Reached skill level 10 in Throwing
 53870 | Depths:3 | Noticed Margery
 54243 | Depths:2 | Killed Margery
 54432 | Depths:3 | Noticed Nikola
 54446 | Depths:3 | Killed Nikola
 54489 | Depths:3 | Found a one-way gate leading to the halls of Pandemonium.
 54634 | Depths:3 | Noticed Asterion
 54646 | Depths:3 | Killed Asterion
 54947 | Depths:3 | Reached skill level 20 in Fighting
 54950 | Depths:3 | Reached skill level 15 in Dodging
 55144 | Depths:3 | Reached XP level 25. HP: 193/210 MP: 26/26
 55149 | Depths:3 | Reached skill level 11 in Throwing
 55183 | Depths:3 | Noticed a juggernaut
 55208 | Depths:3 | Killed a juggernaut
 56229 | Depths:4 | Reached skill level 20 in Armour
 56333 | Depths:4 | Reached skill level 12 in Throwing
 56825 | Depths:4 | Found Fots's Weapon Shoppe.
 56829 | Depths:4 | Found Donuh's Assorted Antiques.
 56852 | Depths:4 | Bought a copper ring for 250 gold pieces
 57123 | Depths:5 | Entered Level 5 of the Depths
 57123 | Depths:5 | Noticed a juggernaut
 57137 | Depths:4 | Reached XP level 26. HP: 220/220 MP: 26/26
 57199 | Depths:5 | Reached skill level 16 in Dodging
 57262 | Depths:5 | Reached skill level 21 in Fighting
 57752 | Depths:5 | Found a gate to the Realm of Zot.
 58299 | Depths:5 | Reached skill level 1 in Translocations
 58545 | Depths:5 | Killed a juggernaut
 58559 | Depths:5 | Reached skill level 2 in Translocations
 59572 | Elf:1    | Entered Level 1 of the Elven Halls
 59598 | Elf:1    | Reached skill level 3 in Translocations
 59848 | Elf:1    | Reached skill level 9 in Evocations
 59963 | Elf:1    | Reached skill level 21 in Armour
 59964 | Elf:1    | Cast into level 1 of the Abyss (red devil)
 60011 | Abyss:1  | Gained mutation: You occasionally shout uncontrollably at
                  | your foes. [a neqoxec]
 60639 | Elf:1    | Escaped the Abyss
 60769 | Elf:1    | Reached skill level 4 in Translocations
 60807 | Elf:1    | Identified Sif Muna's Almanac of Creation
 61360 | Elf:2    | Found a runed translucent gate.
 61360 | Elf:2    | Found a runed translucent gate.
 61360 | Elf:2    | Found a runed translucent gate.
 61418 | Elf:2    | Reached XP level 27. HP: 229/229 MP: 27/27
 61586 | Elf:2    | Cast into level 2 of the Abyss (+2 dire flail of
                  | distortion)
 61654 | Abyss:2  | Found a corrupted altar of Lugonu.
 61707 | Elf:2    | Escaped the Abyss
 61818 | Elf:2    | Got an ancient scale mail
 61843 | Elf:2    | Reached skill level 3 in Spellcasting
 62290 | Elf:2    | Reached skill level 10 in Evocations
 62294 | Elf:2    | Reached skill level 5 in Translocations
 62464 | Elf:3    | Entered Level 3 of the Elven Halls
 62694 | Elf:3    | Reached skill level 4 in Spellcasting
 62769 | Elf:3    | Reached skill level 17 in Dodging
 63112 | Elf:3    | Identified the cursed +1 scale mail of the Ten People
                  | {Stlth+} (You found it on level 2 of the Elven Halls)
 63248 | Elf:3    | Identified the +4 plate armour of Happiness {rN+} (You
                  | found it on level 3 of the Elven Halls)
 63250 | Elf:3    | Identified the ring "Mihisk" {rCorr rC+}
 63280 | Elf:3    | Identified the Guide on Dusty Poisoning
 63287 | Elf:3    | Learned a level 4 spell: Summon Lightning Spire
 63307 | Elf:3    | Identified the Reference Book on Poisoning
 63526 | Elf:3    | Reached skill level 5 in Spellcasting
 63795 | Elf:3    | Reached skill level 22 in Fighting
 64366 | Crypt:1  | Entered Level 1 of the Crypt
 65058 | Crypt:1  | Reached skill level 11 in Evocations
 65265 | Crypt:1  | Reached skill level 6 in Spellcasting
 66088 | Crypt:2  | Identified Iruibly's Volume of Creative Poisoning
 67160 | Crypt:3  | Entered Level 3 of the Crypt
 67435 | Crypt:3  | Found an ancient bone altar of Kikubaaqudgha.
 67445 | Crypt:3  | Reached skill level 22 in Armour
 67458 | Crypt:3  | Reached skill level 12 in Evocations
 67712 | Crypt:3  | Noticed an ancient lich
 67720 | Crypt:3  | Killed an ancient lich
 67722 | Crypt:3  | Noticed an ancient lich
 67744 | Crypt:3  | Killed an ancient lich
 69454 | Crypt:3  | Found a staircase to the Tomb.
 70548 | Swamp:1  | Found a transporter.
 70592 | Swamp:1  | Reached skill level 18 in Dodging
 70823 | Swamp:1  | Found a transporter.
 71732 | Swamp:3  | Found a transporter.
 71873 | Swamp:3  | Found a transporter.
 72965 | Swamp:1  | shummie: ??zot trap
 72965 | Swamp:1  | beem: zot trap[1/2]: Traps that can cause severe poisoning,
                  | banishment, rot, mutations, and summon powerful
                  | demons...you get the picture. When a monster steps on a zot
                  | trap, you will hear a distant zot if the trap is in the
                  | distance, or a loud zot if the trap is very very close.
 72965 | Swamp:1  | shummie: ??zot trap[2
 72965 | Swamp:1  | beem: zot trap[2/2]: Monsters can invoke the powers of
                  | these traps against you by stepping on them. Beware the Zot
                  | Dance!
 72965 | Swamp:1  | NormalPerson7: good luck :P
 73095 | Swamp:1  | shummie: that... was uneventful
 73118 | Swamp:1  | Got a twitching lapis lazuli ring
 73123 | Swamp:1  | NormalPerson7: yup
 73123 | Swamp:1  | Identified the ring of Ukhlocza {rPois rF+} (You found it
                  | on level 1 of the Swamp)
 73135 | Swamp:1  | Got a scintillating amber ring
 73141 | Swamp:1  | Identified the ring "Bunnoff" {*Tele rC+ Dex+2} (You found
                  | it on level 1 of the Swamp)
 73146 | Swamp:1  | Identified the ring of Incredulity {Ice rPois rN+++ Str+6
                  | Slay-4} (You found it on level 1 of the Swamp)
 73574 | Vaults:4 | Reached skill level 23 in Fighting
 73598 | Vaults:4 | Reached skill level 20 in Axes
 73979 | Vaults:5 | Noticed an ancient lich
 73989 | Vaults:5 | Killed an ancient lich
 74054 | Vaults:5 | Reached skill level 23 in Armour
 74200 | Vaults:5 | Noticed an ancient lich
 74200 | Vaults:5 | Noticed Jory
 74239 | Vaults:5 | Killed an ancient lich
 74434 | Vaults:5 | Got a silver rune of Zot
 74466 | Vaults:5 | Identified the cursed +0 scimitar of Anguish {slice, rF+
                  | rN+ Str-2 Stlth+}
 74548 | Vaults:5 | Noticed Boris
 74570 | Vaults:5 | Killed Boris
 74633 | Vaults:5 | Killed Jory
 74770 | Vaults:5 | Found the +0 sword of Power
 74794 | Vaults:5 | Noticed Xtahua
 74812 | Vaults:5 | Killed Xtahua
 74866 | Vaults:5 | shummie: ??sword of power
 74866 | Vaults:5 | beem: sword of power[1/1]: This great sword's plusses
                  | depend on your current hitpoints. Its enchantment is your
                  | HP / 10, going from +0 to +27.
 74899 | Vaults:5 | Reached skill level 1 in Long Blades
 74922 | Vaults:5 | Reached skill level 19 in Dodging
 74941 | Vaults:5 | Reached skill level 2 in Long Blades
 74993 | Vaults:5 | Identified the amulet "Zepel" {*Drain +Rage rC++ rN+ SInv}
 75024 | Vaults:5 | Reached skill level 3 in Long Blades
 75452 | Vaults:5 | Reached skill level 4 in Long Blades
 75972 | Slime:1  | Entered Level 1 of the Pits of Slime
 76033 | Slime:2  | Reached skill level 24 in Fighting
 76069 | Slime:2  | Reached skill level 5 in Long Blades
 76216 | Slime:4  | Gained mutation: You sometimes yell uncontrollably at your
                  | foes. [a shining eye]
 76221 | Slime:4  | Gained mutation: You are dopey. (Int -2) [a shining eye]
 76246 | Slime:3  | Reached skill level 6 in Long Blades
 76278 | Slime:5  | Entered Level 5 of the Pits of Slime
 76475 | Slime:5  | Reached skill level 7 in Long Blades
 76701 | Slime:5  | Noticed the Royal Jelly
 76853 | Slime:5  | Found a viscous altar of Jiyva.
 76969 | Slime:5  | Killed the Royal Jelly
 76969 | Slime:5  | Reached skill level 8 in Long Blades
 77079 | Slime:5  | Identified the ring "Vuunikah" {rPois rF- MP+9 Dex+3} (You
                  | found it on level 5 of the Pits of Slime)
 77096 | Slime:5  | Identified the +4 battleaxe "Bemudgh" {freeze, rF+ Str+4
                  | SInv} (You found it on level 5 of the Pits of Slime)
 77118 | Slime:5  | Got a slimy rune of Zot
 77161 | Slime:5  | Identified the ring of Fewiudec {MR+ Dex+3} (You found it
                  | on level 5 of the Pits of Slime)
 77607 | Zot:1    | Entered Level 1 of the Realm of Zot
 77637 | Zot:1    | Reached skill level 9 in Long Blades
 78525 | Zot:1    | Reached skill level 25 in Fighting
 79512 | Zot:1    | Reached skill level 10 in Long Blades
 79929 | Zot:2    | You fall through a shaft for 2 floors!
 80420 | Zot:4    | Reached skill level 11 in Long Blades
 80913 | Zot:4    | Reached skill level 12 in Long Blades
 81014 | Zot:4    | Noticed an orb of fire
 81033 | Zot:4    | Gained mutation: Your spells are a little easier to cast,
                  | but a little less powerful. [an orb of fire]
 81035 | Zot:4    | Killed an orb of fire
 82244 | Zot:4    | Got a pair of heavily runed boots
 82246 | Zot:4    | Identified the cursed +0 pair of boots of Byigihez {Stlth+}
                  | (You found it on level 4 of the Realm of Zot)
 82438 | Zot:3    | Reached skill level 26 in Fighting
 82557 | Zot:3    | Reached skill level 13 in Long Blades
 83445 | Zot:2    | Reached skill level 14 in Long Blades
 84333 | Zot:3    | Reached skill level 15 in Long Blades
 84352 | Zot:3    | Reached skill level 27 in Fighting
 85069 | Zot:3    | Reached skill level 16 in Long Blades
 85199 | Zot:5    | Entered Level 5 of the Realm of Zot
 85550 | Zot:5    | Reached skill level 17 in Long Blades
 85860 | Zot:5    | Noticed a Killer Klown
 85880 | Zot:5    | Killed a Killer Klown
 85994 | Zot:5    | Noticed a Killer Klown
 86010 | Zot:5    | Killed a Killer Klown
 86092 | Zot:5    | Noticed an ancient lich
 86169 | Zot:5    | Noticed a Killer Klown
 86176 | Zot:5    | Noticed a Killer Klown
 86192 | Zot:5    | Killed a Killer Klown
 86192 | Zot:5    | Reached skill level 18 in Long Blades
 86218 | Zot:5    | Killed a Killer Klown
 86316 | Zot:5    | Noticed a Killer Klown
 86331 | Zot:5    | Killed a Killer Klown
 86510 | Zot:5    | Noticed a Killer Klown
 86527 | Zot:5    | Killed a Killer Klown
 86549 | Zot:5    | Noticed a Killer Klown
 86563 | Zot:5    | Killed a Killer Klown
 86577 | Zot:5    | Noticed an orb of fire
 86598 | Zot:5    | Killed an orb of fire
 86694 | Zot:5    | Noticed a Killer Klown
 86832 | Zot:5    | Killed a Killer Klown
 86832 | Zot:5    | Reached skill level 19 in Long Blades
 86892 | Zot:5    | Noticed an ancient lich
 86911 | Zot:5    | Killed an ancient lich
 86997 | Zot:5    | Noticed a Killer Klown
 87009 | Zot:5    | Killed a Killer Klown
 87047 | Zot:5    | Noticed a Killer Klown
 87057 | Zot:5    | Killed a Killer Klown
 87085 | Zot:5    | Noticed a Killer Klown
 87095 | Zot:5    | Killed a Killer Klown
 87158 | Zot:5    | Noticed an orb of fire
 87176 | Zot:5    | Killed an orb of fire
 87176 | Zot:5    | Reached skill level 20 in Long Blades
 87251 | Zot:5    | Killed an ancient lich
 87379 | Zot:5    | Noticed an ancient lich
 87389 | Zot:5    | Noticed an orb of fire
 87390 | Zot:5    | Killed an ancient lich
 87395 | Zot:5    | Gained mutation: You expend magic power (3 MP) to
                  | strengthen your wands. [an orb of fire]
 87401 | Zot:5    | Gained mutation: You are frail. (-10% HP) [an orb of fire]
 87403 | Zot:5    | Killed an orb of fire
 87403 | Zot:5    | Reached skill level 6 in Translocations
 87673 | Zot:5    | Reached skill level 7 in Spellcasting
 87673 | Zot:5    | Reached skill level 13 in Evocations
 88165 | Zot:5    | Noticed an ancient lich
 88175 | Zot:5    | Killed an ancient lich
 88175 | Zot:5    | Reached skill level 7 in Translocations
 88349 | Zot:5    | shummie: 46/16/23
 88581 | Depths:5 | Learned a level 1 spell: Apportation
 88585 | Depths:5 | Learned a level 3 spell: Lesser Beckoning
 88587 | Depths:5 | Learned a level 1 spell: Summon Butterflies
 88591 | Depths:5 | Learned a level 3 spell: Spectral Weapon
 88594 | Depths:5 | Learned a level 2 spell: Passwall
 88598 | Depths:5 | Learned a level 3 spell: Regeneration
 88599 | Hell     | Entered the Vestibule of Hell
 88599 | Hell     | Noticed Geryon
 88613 | Depths:5 | Reached skill level 8 in Spellcasting
 88761 | Depths:5 | Reached skill level 16 in Shields
 88859 | Hell     | Cast into level 3 of the Abyss (reaper)
 88859 | Abyss:3  | Found a corrupted altar of Lugonu.
 89099 | Abyss:3  | Gained mutation: Your magical capacity is very low. (-20%
                  | MP) [a neqoxec]
 89125 | Hell     | Escaped the Abyss
 90197 | Hell     | Reached skill level 8 in Translocations
 90409 | Hell     | Reached skill level 9 in Spellcasting
 90805 | Hell     | Killed Geryon
 90805 | Hell     | Reached skill level 9 in Translocations
 91161 | Hell     | Found a gateway to the ashen valley of Gehenna.
 91327 | Hell     | Reached skill level 10 in Translocations
 91367 | Hell     | Found a gateway to the decaying netherworld of Tartarus.
 91639 | Hell     | Found a gateway to the freezing wastes of Cocytus.
 91759 | Hell     | Found a gateway to the Iron City of Dis.
 91982 | Geh:1    | Entered Level 1 of Gehenna
 92021 | Geh:3    | You fall through a shaft for 2 floors!
 92051 | Geh:5    | Reached skill level 10 in Spellcasting
 92480 | Geh:1    | Reached skill level 11 in Translocations
 92579 | Geh:2    | You fall through a shaft!
 92604 | Geh:3    | Reached skill level 1 in Charms
 92619 | Geh:4    | Reached skill level 1 in Necromancy
 92695 | Geh:5    | Reached skill level 2 in Charms
 92695 | Geh:5    | Reached skill level 2 in Necromancy
 92740 | Geh:7    | Entered Level 7 of Gehenna
 92886 | Geh:7    | Reached skill level 3 in Charms
 92886 | Geh:7    | Reached skill level 3 in Necromancy
 92908 | Geh:7    | Gained mutation: Your magical capacity is extremely low.
                  | (-30% MP) [mutagenic glow]
 93127 | Geh:7    | Reached skill level 11 in Spellcasting
 93321 | Geh:7    | Reached skill level 4 in Charms
 93458 | Geh:7    | Reached skill level 4 in Necromancy
 93770 | Geh:7    | Reached skill level 5 in Charms
 93770 | Geh:7    | Reached skill level 5 in Necromancy
 94030 | Geh:7    | Reached skill level 6 in Charms
 94063 | Geh:7    | Reached skill level 6 in Necromancy
 94089 | Geh:7    | Reached skill level 12 in Spellcasting
 94577 | Geh:7    | Reached skill level 7 in Charms
 94577 | Geh:7    | Reached skill level 7 in Necromancy
 94646 | Geh:7    | Got a crude hunting sling
 94689 | Geh:7    | Identified the +7 sceptre of Asmodeus
 94689 | Geh:7    | Noticed Asmodeus
 94732 | Geh:7    | Killed Asmodeus
 94732 | Geh:7    | Reached skill level 8 in Charms
 94732 | Geh:7    | Reached skill level 8 in Necromancy
 94747 | Geh:7    | HP: 44/224 [lich/crystal spear[the effects of Hell] (18)]
 94767 | Geh:7    | Found the +0 mask of the Dragon {MR+ Slay+3 SInv}
 94780 | Geh:7    | Got an obsidian rune of Zot
 94827 | Geh:7    | Identified Fiureonnu's Incunabulum of Ashen Black Arts
 94858 | Geh:7    | Got a dazzling halberd
 94861 | Geh:7    | Identified the Compendium of Dark Magic
 95733 | Dis:1    | Entered Level 1 of the Iron City of Dis
 95757 | Dis:1    | Reached skill level 9 in Charms
 95764 | Dis:1    | Reached skill level 9 in Necromancy
 96056 | Dis:1    | Gained mutation: You are very frail. (-20% HP) [mutagenic
                  | glow]
 96096 | Dis:1    | Gained mutation: You are clumsy. (Dex -2) [mutagenic glow]
 96099 | Dis:1    | Lost mutation: You are dopey. (Int -2) [potion of mutation]
 96099 | Dis:1    | Lost mutation: You are very frail. (-20% HP) [potion of
                  | mutation]
 96099 | Dis:1    | Lost mutation: You expend magic power (3 MP) to strengthen
                  | your wands. [potion of mutation]
 96099 | Dis:1    | Gained mutation: Armour fits poorly on your strangely
                  | shaped body. [potion of mutation]
 96099 | Dis:1    | Gained mutation: You are resistant to hostile enchantments.
                  | (MR+) [potion of mutation]
 96415 | Dis:2    | Reached skill level 10 in Charms
 96415 | Dis:2    | Reached skill level 10 in Necromancy
 96766 | Dis:4    | Reached skill level 13 in Spellcasting
 96862 | Dis:5    | Reached skill level 1 in Summonings
 96879 | Dis:5    | Reached skill level 2 in Summonings
 96941 | Dis:7    | Entered Level 7 of the Iron City of Dis
 96968 | Dis:7    | Reached skill level 3 in Summonings
 97078 | Dis:7    | Reached skill level 4 in Summonings
 97098 | Dis:7    | Learned a level 2 spell: Swiftness
 97252 | Dis:7    | Reached skill level 5 in Summonings
 97357 | Dis:7    | HP: 51/224 [Hell Sentinel (20)]
 97477 | Dis:7    | Got an ancient leather armour
 97604 | Dis:7    | Reached skill level 6 in Summonings
 97746 | Dis:7    | Reached skill level 20 in Dodging
 97909 | Dis:7    | Reached skill level 2 in Earth Magic
 97918 | Dis:7    | Reached skill level 3 in Earth Magic
 97940 | Dis:7    | Reached skill level 4 in Earth Magic
 98044 | Dis:7    | Reached skill level 5 in Earth Magic
 98050 | Dis:7    | Identified the ring "Tecaylex" {rElec rPois}
 98058 | Dis:7    | HP: 50/224 [iron giant/+0 giant club (42)]
 98064 | Dis:7    | Reached skill level 6 in Earth Magic
 98074 | Dis:7    | HP: 50/224 [reaper/+1 scythe of flaming (18)]
 98118 | Dis:7    | Reached skill level 7 in Earth Magic
 98171 | Dis:7    | HP: 44/224 [iron giant/+0 giant club[the effects of Hell]
                  | (48)]
 98200 | Dis:7    | Reached skill level 8 in Earth Magic
 98316 | Dis:7    | Reached skill level 9 in Earth Magic
 98421 | Dis:7    | Reached skill level 10 in Earth Magic
 98450 | Dis:7    | Lost mutation: You are frail. (-10% HP) [potion of
                  | mutation]
 98450 | Dis:7    | Lost mutation: Your magical capacity is extremely low.
                  | (-30% MP) [potion of mutation]
 98450 | Dis:7    | Lost mutation: You sometimes yell uncontrollably at your
                  | foes. [potion of mutation]
 98450 | Dis:7    | Gained mutation: Your magical capacity is extremely low.
                  | (-30% MP) [potion of mutation]
 98450 | Dis:7    | Gained mutation: You are very clumsy. (Dex -4) [potion of
                  | mutation]
 98450 | Dis:7    | Lost mutation: Your magical capacity is extremely low.
                  | (-30% MP) [potion of mutation]
 98450 | Dis:7    | Gained mutation: You are partially covered in thin metallic
                  | scales. (AC +2) [potion of mutation]
 98863 | Dis:7    | Reached skill level 11 in Earth Magic
 98975 | Dis:7    | Reached skill level 11 in Necromancy
 99060 | Dis:7    | Identified the +4 staff of Dispater
 99060 | Dis:7    | Noticed Dispater
 99133 | Dis:7    | HP: 60/246 [Dispater/crystal spear (70)]
 99141 | Dis:7    | HP: 48/249 [???[Dispater] (24)]
 99162 | Dis:7    | HP: 51/249 [reaper/+3 scythe of venom[the effects of Hell]
                  | (15)]
 99167 | Dis:7    | HP: 53/249 [poisoned by a reaper]
 99172 | Dis:7    | HP: 56/249 [poisoned by a reaper]
 99177 | Dis:7    | HP: 60/249 [poisoned by a reaper]
 99183 | Dis:7    | HP: 49/249 [reaper/+3 scythe of venom[the effects of Hell]
                  | (15)]
 99408 | Hell     | Learned a level 5 spell: Borgnjor's Vile Clutch
 99728 | Tomb:1   | Entered Level 1 of the Tomb of the Ancients
 99817 | Tomb:1   | Reached skill level 12 in Earth Magic
100157 | Tomb:1   | Noticed a greater mummy
100633 | Depths:2 | Voluntarily entered the Abyss.
100727 | Abyss:1  | Reached skill level 12 in Necromancy
100748 | Abyss:1  | Reached skill level 13 in Earth Magic
100862 | Depths:2 | Escaped the Abyss
100864 | Depths:2 | Voluntarily entered the Abyss.
100864 | Abyss:1  | Found a corrupted altar of Lugonu.
101083 | Abyss:1  | shummie: ??abyss
101083 | Abyss:1  | beem: abyss[1/9]: A merry-go-round of doom, featuring many,
                  | many, many different kinds of monsters who will find your
                  | flesh, bones, mind, and life tasty. When you get enough xp
                  | (roughly half the requirement for an elemental evocable),
                  | an exit from the abyss will open. Further kills will tick
                  | down timers to spawn stairs leading deeper into the abyss.
                  | 5 levels. Rune spawns in vaults on floor 3 and
101083 | Abyss:1  | beem: deeper.
101083 | Abyss:1  | shummie: ??abyss[2
101083 | Abyss:1  | beem: abyss[2/9]: Converting to Lugonu will also let you
                  | get out, but be warned that divine retribution is typically
                  | of the same nastiness level as banishment.
101083 | Abyss:1  | shummie: ??abyss[3
101083 | Abyss:1  | beem: abyss[3/9]: To get in, definitely: Fail your MR check
                  | against Banishment. Go down on a portal. Draw Damnation by
                  | yourself. Successfully invoke Lugonu's fifth power.
101083 | Abyss:1  | shummie: ??abyss[4
101083 | Abyss:1  | beem: abyss[4/9]: To get in, maybe: Get hit by distortion.
                  | Unwield distortion. Badly fumble a Translocation or
                  | Summoning. Step on a Zot trap. Arouse the wrath of Lugonu.
                  | Attract the attention of Xom.
101083 | Abyss:1  | shummie: ??abyss[5
101083 | Abyss:1  | beem: abyss[5/9]: The abyss is like boris in level form
101083 | Abyss:1  | shummie: ??abyss[6
101083 | Abyss:1  | beem: abyss[6/9]: i wonder if everyone in the abyss, is
                  | there because they got banished to it its like fantasy
                  | australia
101083 | Abyss:1  | shummie: ??abyss[7
101083 | Abyss:1  | shummie: ??abyss[8
101083 | Abyss:1  | beem: abyss guide[1/3]: !lm zigrobin 2138 -tv:<0.25>
                  | ERROR: string above had unterminated tag
101083 | Abyss:1  | beem: abyss[8/9]: dying is less painful than the abyss
101327 | Depths:2 | Escaped the Abyss
101331 | Depths:2 | Voluntarily entered the Abyss.
101346 | Abyss:1  | shummie: ??whirlwind
101346 | Abyss:1  | beem: wu jian[3/7]: Whirlwind: Triggered by moving from a
                  | tile adjacent to an enemy to another tile adjacent to it.
101346 | Abyss:1  | shummie: ??whirlwind[2
101346 | Abyss:1  | beem: I don't have a page labeled whirlwind[2] in my
                  | learndb.
101346 | Abyss:1  | shummie: ??wu jian[2
101346 | Abyss:1  | beem: wu jian[2/7]: Lunge: Triggered by moving towards an
                  | enemy. Deals extra damage against slowed or distracted
                  | enemies.
101346 | Abyss:1  | shummie: ??wu jian[1
101346 | Abyss:1  | beem: wu jian[1/7]: WJC is a god based on mobile melee
                  | combat, offering strong incentives to fight groups of
                  | enemies in the open. It provides melee characters with a
                  | strong but relatively flat power increase in the form of
                  | special attacks triggered by moving, and offers effective
                  | positioning tools to hybrids and ranged characters.
101346 | Abyss:1  | shummie: ??wu jian[4
101346 | Abyss:1  | beem: wu jian[4/7]: Wall Jump: Triggered by moving toward
                  | an adjacent solid obstacle. It propels the character two
                  | tiles in the opposite direction, attacking in an area of
                  | effect. Can cause a brief distraction to onlookers.
101548 | Abyss:1  | Found a corrupted altar of Lugonu.
102027 | Abyss:3  | Reached skill level 14 in Earth Magic
102033 | Depths:2 | Escaped the Abyss
102041 | Depths:2 | Voluntarily entered the Abyss.
102165 | Abyss:1  | Reached skill level 11 in Charms
102310 | Abyss:1  | Reached skill level 14 in Spellcasting
102324 | Abyss:1  | Found a sacrificial altar of Ru.
102394 | Abyss:1  | Gained mutation: You sometimes yell uncontrollably at your
                  | foes. [a neqoxec]
102409 | Abyss:1  | Reached skill level 1 in Air Magic
102545 | Abyss:3  | Reached skill level 2 in Air Magic
102570 | Abyss:3  | Got a crude gossamer ring
102622 | Abyss:3  | Identified the ring "Gabbiet" {rCorr rF+} (You found it on
                  | level 3 of the Abyss)
102783 | Abyss:3  | Reached skill level 3 in Air Magic
102863 | Abyss:3  | Reached skill level 4 in Air Magic
102887 | Depths:2 | Escaped the Abyss
102889 | Depths:2 | Voluntarily entered the Abyss.
102920 | Abyss:1  | HP: 49/247 [???[a lich] (24)]
102922 | Abyss:1  | HP: 24/247 [???[a lich] (11)]
102931 | Abyss:1  | HP: 43/249 [burnt (2)]
102936 | Abyss:1  | HP: 49/249 [smoke demon/ball of steam (1)]
102942 | Abyss:1  | HP: 42/249 [starcursed mass/accursed screaming (6)]
102948 | Abyss:1  | HP: 29/249 [starcursed mass/accursed screaming (7)]
102949 | Abyss:1  | Gained mutation: Scrolls take you a little longer to read.
                  | [a neqoxec]
102950 | Abyss:1  | HP: 11/249 [sun demon[a balrug] (17)]
102950 | Abyss:1  | HP: 2/249 [sun demon[a balrug] (9)]
102955 | Abyss:1  | Reached skill level 5 in Air Magic
102957 | Depths:2 | Escaped the Abyss
103291 | Depths:2 | Voluntarily entered the Abyss.
103548 | Abyss:3  | Found a shimmering altar of Xom.
103757 | Abyss:4  | Reached skill level 6 in Air Magic
103760 | Abyss:4  | Reached skill level 17 in Shields
103785 | Abyss:4  | Noticed an ancient lich
103816 | Abyss:4  | Killed an ancient lich
104000 | Abyss:4  | Got an abyssal rune of Zot
104010 | Depths:2 | Escaped the Abyss
104086 | Depths:2 | Voluntarily entered the Abyss.
104297 | Abyss:1  | Reached skill level 18 in Shields
104485 | Abyss:1  | Reached skill level 21 in Dodging
104652 | Abyss:1  | Reached skill level 1 in Transmutations
104704 | Abyss:1  | Reached skill level 2 in Transmutations
104917 | Abyss:1  | Reached skill level 3 in Transmutations
105105 | Abyss:2  | Found a shadowy altar of Dithmenos.
105180 | Abyss:2  | Reached skill level 4 in Transmutations
105188 | Depths:2 | Escaped the Abyss
105190 | Depths:2 | Voluntarily entered the Abyss.
105190 | Abyss:1  | Found a corrupted altar of Lugonu.
105347 | Abyss:1  | Reached skill level 5 in Transmutations
105709 | Depths:2 | Escaped the Abyss
105711 | Depths:2 | Voluntarily entered the Abyss.
105986 | Abyss:1  | Reached skill level 6 in Transmutations
106226 | Abyss:1  | Reached skill level 15 in Spellcasting
106701 | Abyss:1  | Reached skill level 7 in Transmutations
106766 | Depths:2 | Escaped the Abyss
106769 | Depths:2 | Voluntarily entered the Abyss.
107253 | Abyss:1  | Got a polished glaive
107256 | Abyss:1  | Identified the +8 glaive of the Revolution {freeze, *Contam
                  | +Inv Str-5 SInv} (You found it on level 1 of the Abyss)
107521 | Depths:2 | Escaped the Abyss
107523 | Depths:2 | Voluntarily entered the Abyss.
107537 | Abyss:1  | Reached skill level 8 in Transmutations
107548 | Depths:2 | Escaped the Abyss
107553 | Depths:2 | Voluntarily entered the Abyss.
107673 | Depths:2 | Escaped the Abyss
107723 | Depths:2 | Voluntarily entered the Abyss.
107723 | Abyss:1  | Found a corrupted altar of Lugonu.
108000 | Abyss:1  | Reached skill level 9 in Transmutations
108068 | Abyss:1  | Reached skill level 22 in Dodging
108084 | Depths:2 | Escaped the Abyss
108208 | Depths:2 | Voluntarily entered the Abyss.
108312 | Abyss:1  | Reached skill level 16 in Spellcasting
108569 | Abyss:2  | Reached skill level 10 in Transmutations
108591 | Abyss:2  | Found a corrupted altar of Lugonu.
108771 | Depths:2 | Escaped the Abyss
108800 | Depths:2 | Voluntarily entered the Abyss.
108800 | Abyss:1  | Found a corrupted altar of Lugonu.
109051 | Abyss:1  | Reached skill level 11 in Transmutations
109329 | Abyss:3  | Got a flickering golden ring
109351 | Depths:2 | Escaped the Abyss
109355 | Depths:2 | Identified the ring "Uvyse" {rC+ MP+9 Str+2 Int+5} (You
                  | found it on level 3 of the Abyss)
109363 | Depths:2 | Learned a level 6 spell: Statue Form
109365 | Depths:2 | Voluntarily entered the Abyss.
109963 | Abyss:1  | Reached skill level 17 in Spellcasting
109967 | Depths:2 | Escaped the Abyss
110002 | Depths:2 | Voluntarily entered the Abyss.
110221 | Abyss:1  | Reached skill level 12 in Transmutations
110605 | Depths:2 | Escaped the Abyss
110607 | Depths:2 | Voluntarily entered the Abyss.
110704 | Abyss:1  | Reached skill level 15 in Earth Magic
111105 | Abyss:1  | Noticed an ancient lich
111118 | Abyss:1  | Killed an ancient lich
111126 | Depths:2 | Escaped the Abyss
111131 | Depths:2 | Voluntarily entered the Abyss.
111644 | Abyss:1  | Reached skill level 13 in Transmutations
111750 | Abyss:1  | Found a corrupted altar of Lugonu.
111782 | Abyss:1  | Reached skill level 14 in Evocations
111926 | Abyss:1  | Gained mutation: You are frail. (-10% HP) [a neqoxec]
111929 | Abyss:1  | Gained mutation: You are weak. (Str -2) [a neqoxec]
111930 | Abyss:1  | Gained mutation: Your magical capacity is extremely low.
                  | (-30% MP) [a neqoxec]
112038 | Abyss:1  | Reached skill level 16 in Earth Magic
112056 | Depths:2 | Escaped the Abyss
112079 | Depths:2 | Voluntarily entered the Abyss.
112207 | Abyss:1  | Gained mutation: You frequently scream uncontrollably at
                  | your foes. [a shining eye]
112316 | Abyss:1  | Reached skill level 18 in Spellcasting
112486 | Abyss:1  | Reached skill level 14 in Transmutations
112760 | Abyss:1  | Reached skill level 15 in Evocations
113066 | Abyss:1  | Noticed an ancient lich
113068 | Abyss:1  | Reached skill level 15 in Transmutations
113416 | Abyss:1  | Gained mutation: Scrolls take you longer to read. [a
                  | cacodemon]
113420 | Abyss:1  | Gained mutation: Your spells are easier to cast, but less
                  | powerful. [a cacodemon]
113517 | Abyss:2  | Found a transporter.
113597 | Depths:2 | Escaped the Abyss
113599 | Depths:2 | Voluntarily entered the Abyss.
113643 | Abyss:1  | Found a hazy altar of Hepliaklqana.
113807 | Abyss:1  | Reached skill level 7 in Summonings
113955 | Abyss:1  | Got a scorched silver ring
114150 | Abyss:1  | Found an ornate altar of the Wu Jian Council.
114152 | Abyss:1  | Found an ornate altar of the Wu Jian Council.
114183 | Abyss:1  | Reached skill level 7 in Air Magic
114472 | Abyss:1  | Found a corrupted altar of Lugonu.
114518 | Depths:2 | Escaped the Abyss
114521 | Depths:2 | Identified the ring "Junkaeti" {Wiz Dex+4} (You found it on
                  | level 1 of the Abyss)
114532 | Depths:2 | Voluntarily entered the Abyss.
114532 | Abyss:1  | Found a corrupted altar of Lugonu.
114813 | Abyss:1  | Reached skill level 8 in Summonings
114824 | Abyss:1  | Gained mutation: Your spells are much easier to cast, but
                  | much less powerful. [a neqoxec]
114992 | Depths:2 | Escaped the Abyss
114994 | Depths:2 | Voluntarily entered the Abyss.
114994 | Abyss:1  | Found a corrupted altar of Lugonu.
115194 | Abyss:1  | Found a deep blue altar of Sif Muna.
115202 | Abyss:1  | Reached skill level 16 in Evocations
115291 | Abyss:1  | Reached skill level 8 in Air Magic
115583 | Abyss:1  | Gained mutation: You do not regenerate when monsters are
                  | visible. [a cacodemon]
115585 | Abyss:1  | Gained mutation: Your body sometimes deteriorates upon
                  | taking damage. [a cacodemon]
115600 | Depths:2 | Escaped the Abyss
115684 | Depths:2 | Voluntarily entered the Abyss.
115917 | Abyss:1  | Reached skill level 19 in Spellcasting
116012 | Abyss:1  | Reached skill level 9 in Air Magic
116029 | Abyss:1  | Found a corrupted altar of Lugonu.
116115 | Abyss:1  | Gained mutation: You are very weak. (Str -4) [a cacodemon]
116287 | Abyss:1  | Noticed an ancient lich
116296 | Abyss:1  | Killed an ancient lich
116371 | Abyss:1  | shummie: 42/13/24
116403 | Abyss:1  | Found a shadowy altar of Dithmenos.
116473 | Abyss:1  | Gained mutation: Your body often deteriorates upon taking
                  | damage. [a cacodemon]
116507 | Depths:2 | Escaped the Abyss
116579 | Depths:2 | Voluntarily entered the Abyss.
116649 | Abyss:1  | Gained mutation: You are very frail. (-20% HP) [a neqoxec]
117180 | Abyss:1  | Found a corrupted altar of Lugonu.
117461 | Depths:2 | Escaped the Abyss
117518 | Depths:2 | Voluntarily entered the Abyss.
117559 | Abyss:1  | Gained mutation: You are dopey. (Int -2) [a neqoxec]
117773 | Abyss:1  | Learned a level 6 spell: Deflect Missiles
117837 | Abyss:1  | Reached skill level 10 in Air Magic
118113 | Abyss:2  | Found a deep blue altar of Sif Muna.
118217 | Abyss:2  | Gained mutation: You are extremely frail. (-30% HP) [a
                  | neqoxec]
118464 | Abyss:2  | Reached skill level 19 in Shields
118595 | Abyss:2  | Found a corrupted altar of Lugonu.
118608 | Abyss:2  | Found a sacrificial altar of Ru.
118614 | Abyss:2  | Found a corrupted altar of Lugonu.
118792 | Abyss:2  | Gained mutation: Potions are less effective at restoring
                  | your health. [a neqoxec]
118954 | Abyss:2  | Found a corrupted altar of Lugonu.
118968 | Abyss:2  | Gained mutation: Scrolls take you much longer to read. [a
                  | neqoxec]
119841 | Abyss:2  | Reached skill level 11 in Air Magic
119847 | Abyss:2  | Reached skill level 20 in Spellcasting
119884 | Abyss:2  | Gained mutation: Potions are poor at restoring your health.
                  | [a neqoxec]
120124 | Abyss:2  | HP: 56/226 [starcursed mass/accursed screaming (8)]
120130 | Abyss:2  | HP: 43/226 [ancient zyme (4)]
120133 | Abyss:2  | HP: 20/226 [raiju/living lightning (2)]
120180 | Abyss:2  | Lost mutation: You are very weak. (Str -4) [potion of
                  | mutation]
120180 | Abyss:2  | Lost mutation: Armour fits poorly on your strangely shaped
                  | body. [potion of mutation]
120180 | Abyss:2  | Lost mutation: Your spells are much easier to cast, but
                  | much less powerful. [potion of mutation]
120180 | Abyss:2  | Lost mutation: You are very clumsy. (Dex -4) [potion of
                  | mutation]
120180 | Abyss:2  | Lost mutation: You are dopey. (Int -2) [potion of mutation]
120180 | Abyss:2  | Lost mutation: You are extremely frail. (-30% HP) [potion
                  | of mutation]
120494 | Abyss:2  | Noticed an ancient lich
120510 | Abyss:2  | Killed an ancient lich
120528 | Depths:2 | Escaped the Abyss
120546 | Depths:2 | Voluntarily entered the Abyss.
120546 | Abyss:1  | Found a burning altar of Makhleb.
120813 | Abyss:1  | HP: 46/199 [starcursed mass/accursed screaming (8)]
120866 | Abyss:2  | Reached skill level 20 in Shields
120903 | Abyss:2  | Found a corrupted altar of Lugonu.
120921 | Depths:2 | Escaped the Abyss
121037 | Depths:2 | shummie: ??statue form
121037 | Depths:2 | beem: statue form[1/2]: Grants 17 + pow/10 AC, +30% HP.
                  | Makes you take 50% more time to take any action, like the
                  | slow spell. Melds gloves, boots, bardings, and body armour.
                  | Provides rElec, rN+, 50% rTorm, rRot+, and poison immunity.
                  | 12 + unarmed_skill base unarmed damage and 50% bonus on all
                  | melee. Gargoyles can't cast this spell.
121641 | Depths:2 | Voluntarily entered the Abyss.
121824 | Abyss:1  | HP: 46/199 [mana viper[a worldbinder] (10)]
121829 | Depths:2 | Escaped the Abyss
122022 | Depths:2 | shummie: ??holy
122022 | Depths:2 | beem: holy wrath[1/1]: Increases damage by 75% on average
                  | against undead and demons. These folks also cannot wield
                  | it. Does not hate evil creatures which are not undead or
                  | demons. This means that holy wrath is ineffective against
                  | hell knights, and some worshippers of evil gods can wield
                  | it.
122034 | Depths:2 | Lost mutation: You are resistant to hostile enchantments.
                  | (MR+) [potion of mutation]
122034 | Depths:2 | Lost mutation: You are weak. (Str -2) [potion of mutation]
122034 | Depths:2 | Lost mutation: Scrolls take you much longer to read.
                  | [potion of mutation]
122034 | Depths:2 | Lost mutation: Your magical capacity is extremely low.
                  | (-30% MP) [potion of mutation]
122034 | Depths:2 | Gained mutation: You are covered in fur. (AC +1) [potion of
                  | mutation]
122035 | Depths:2 | Lost mutation: You are very frail. (-20% HP) [potion of
                  | mutation]
122035 | Depths:2 | Lost mutation: Your body often deteriorates upon taking
                  | damage. [potion of mutation]
122035 | Depths:2 | Lost mutation: Your magical capacity is very low. (-20% MP)
                  | [potion of mutation]
122035 | Depths:2 | Gained mutation: Your system is resistant to poisons.
                  | (rPois) [potion of mutation]
122036 | Depths:2 | Lost mutation: You frequently scream uncontrollably at your
                  | foes. [potion of mutation]
122036 | Depths:2 | Lost mutation: Your magical capacity is low. (-10% MP)
                  | [potion of mutation]
122036 | Depths:2 | Lost mutation: You are covered in fur. (AC +1) [potion of
                  | mutation]
122036 | Depths:2 | Lost mutation: Scrolls take you longer to read. [potion of
                  | mutation]
122036 | Depths:2 | Gained mutation: Your flesh is cold resistant. (rC+)
                  | [potion of mutation]
122036 | Depths:2 | Gained mutation: Your muscles are strong. (Str +2) [potion
                  | of mutation]
122037 | Depths:2 | Lost mutation: Your body sometimes deteriorates upon taking
                  | damage. [potion of mutation]
122037 | Depths:2 | Lost mutation: Scrolls take you a little longer to read.
                  | [potion of mutation]
122037 | Depths:2 | Lost mutation: Your muscles are strong. (Str +2) [potion of
                  | mutation]
122037 | Depths:2 | Lost mutation: You do not regenerate when monsters are
                  | visible. [potion of mutation]
122037 | Depths:2 | Gained mutation: You have sharp toenails. [potion of
                  | mutation]
122037 | Depths:2 | Gained mutation: You are resistant to hostile enchantments.
                  | (MR+) [potion of mutation]
122106 | Dis:1    | You fall through a shaft!
122109 | Dis:2    | You fall through a shaft for 2 floors!
122113 | Dis:4    | You fall through a shaft for 2 floors!
122134 | Dis:6    | Reached skill level 23 in Dodging
122387 | Dis:7    | Killed Dispater
122387 | Dis:7    | Reached skill level 12 in Air Magic
122424 | Dis:7    | Got an iron rune of Zot
122590 | Tar:1    | Entered Level 1 of Tartarus
122695 | Hell     | HP: 49/219 [???[a doom hound] (24)]
122701 | Hell     | HP: 37/219 [???[a doom hound] (18)]
122709 | Hell     | HP: 31/219 [???[a doom hound] (15)]
123450 | Tar:3    | Reached skill level 21 in Spellcasting
123799 | Hell     | HP: 54/222 [shadow dragon[a doom hound] (5)]
123806 | Hell     | HP: 23/222 [hellion/damnation[a doom hound] (31)]
124066 | Hell     | Reached skill level 13 in Air Magic
124361 | Tar:2    | You fall through a shaft!
124712 | Hell     | HP: 41/221 [???[a doom hound] (20)]
124866 | Tar:1    | You fall through a shaft!
124869 | Tar:2    | You fall through a shaft for 2 floors!
124869 | Tar:4    | You fall through a shaft for 2 floors!
125002 | Tar:6    | HP: 49/219 [lich/crystal spear (49)]
125305 | Tar:1    | You fall through a shaft!
125308 | Tar:2    | You fall through a shaft!
125311 | Tar:3    | You fall through a shaft for 2 floors!
125386 | Tar:5    | You fall through a shaft!
125479 | Tar:7    | Entered Level 7 of Tartarus
125562 | Tar:7    | Reached skill level 24 in Dodging
125620 | Tar:7    | Reached skill level 14 in Air Magic
125728 | Tar:7    | Reached skill level 22 in Spellcasting
125791 | Tar:7    | shummie: ??doom hound
125791 | Tar:7    | beem: doom hound[1/3]: In 0.18+, a demon that appears in
                  | Tartarus, has a smite-targeted MR-ignoring hex that summons
                  | relatively nasty tar monsters. Lasts 12-18 turns. Has
                  | non-existent MR.
125792 | Tar:7    | shummie: @??doom hound
125792 | Tar:7    | beem: doom hound (h)
                  | Spd:
    13 | HD: 20   | HP: 96-124
                  | | AC/EV: 6/13
                  | Dam: 45, 30
                  | demonic, evil, see invisible
                  | | Res: magic(20), blind, rot, neg+++, torm
                  | Vul: holy
                  | XP:
                  | 3381
                  | Sp: doom howl [!AM, !sil]
                  | Sz: Medium
                  | Int:
                  | animal.
125839 | Tar:7    | Noticed Ereshkigal
125927 | Tar:7    | Reached skill level 15 in Air Magic
125955 | Tar:7    | Killed Ereshkigal
125964 | Tar:7    | Got a flickering copper ring
125967 | Tar:7    | Got a scintillating steel amulet
125971 | Tar:7    | Got a bone rune of Zot
125976 | Tar:7    | Identified the amulet "Vouke" {Reflect rF- Str+5 SH+3} (You
                  | found it on level 7 of Tartarus)
126003 | Tar:7    | Got a coiled lead ring
126006 | Tar:7    | Identified Sif Muna's Incunabulum of the Mantidfly
126198 | Hell     | Identified the ring of Orusmon {rC+ MR+} (You found it on
                  | level 7 of Tartarus)
126199 | Hell     | Identified the ring of the Little Devil {+Fly rF+ MR+ SInv
                  | Stlth-} (You found it on level 7 of Tartarus)
126201 | Coc:1    | Entered Level 1 of Cocytus
126209 | Coc:1    | You fall through a shaft!
126298 | Coc:2    | You fall through a shaft for 2 floors!
126301 | Coc:4    | You fall through a shaft for 2 floors!
126347 | Coc:6    | HP: 68/282 [skeletal warrior/+0 battleaxe[a skeletal
                  | warrior] (5)]
126348 | Coc:6    | HP: 26/282 [reaper/+2 scythe of venom (15)]
126348 | Coc:6    | Mangled by a reaper

Skill      XL: |  1  2  3  4  5  6  7  8  9 10 11 12 13 14 15 16 17 18 19 20 21 22 23 24 25 26 27 |
---------------+----------------------------------------------------------------------------------+-----
Hexes          | 4 |  4.0
Fighting       | 2 3 4 6 8 9 10 12 14 15 16 17 18 19 20 21 27 | 27.0
Armour         | 1 3 4 5 8 9 11 12 13 14 15 17 18 19 20 21 23 | 23.8
Maces & Flails | 1 2 4 7 |  7.8
Axes           | 4 8 11 13 15 16 18 19 20 | 20.6
Evocations     | 3 4 5 6 7 8 9 16 | 16.4
Dodging        | 2 4 7 9 11 12 13 14 15 16 24 | 24.0
Shields        | 2 4 5 6 9 11 12 15 20 | 20.3
Throwing       | 3 6 9 10 12 | 12.4
Translocations | 4 11 | 11.2
Spellcasting   | 22 | 22.0
Long Blades    | 20 | 20.1
Charms         | 11 | 11.0
Necromancy     | 12 | 12.0
Summonings     | 8 |  8.1
Earth Magic    | 16 | 16.0
Air Magic      | 15 | 15.0
Transmutations | 15 | 15.0
Short Blades   | |  1.0
Stealth        | |  3.6

Action                   |  1- 3 |  4- 6 |  7- 9 | 10-12 | 13-15 | 16-18 | 19-21 | 22-24 | 25-27 || total
-------------------------+-------+-------+-------+-------+-------+-------+-------+-------+-------++-------
Melee: Dagger            |    26 |    26 |       |       |       |       |       |       |       ||    52
       Short sword       |   135 |   177 |       |       |       |       |       |       |       ||   312
       Flail             |       |    71 |   135 |       |       |       |       |       |       ||   206
       Mace              |       |     2 |   154 |       |       |       |       |       |       ||   156
       Whip              |       |       |   232 |   785 |   318 |       |       |       |       ||  1335
       War axe           |       |       |    33 |   164 |       |   133 |  1353 |       |       ||  1683
       Unarmed           |       |       |       |    14 |       |       |       |       |       ||    14
       Battleaxe         |       |       |       |       |  1073 |  1186 |   609 |  1830 |  5439 || 10137
       Great sword       |       |       |       |       |       |       |       |       |  8993 ||  8993
       Kick              |       |       |       |       |       |       |       |       |   102 ||   102
       Eudemon blade     |       |       |       |       |       |       |       |       |    93 ||    93
 Fire: Blowgun           |       |     3 |       |       |       |       |       |       |       ||     3
Throw: Stone             |     7 |     2 |       |       |       |       |       |       |       ||     9
       Tomahawk          |       |     9 |     6 |     1 |     1 |       |       |       |     1 ||    18
       Throwing net      |       |       |       |       |       |       |       |       |     2 ||     2
 Cast: Regeneration      |       |       |       |       |       |       |       |       |   290 ||   290
       Apportation       |       |       |       |       |       |       |       |       |   119 ||   119
       Statue Form       |       |       |       |       |       |       |       |       |    23 ||    23
       Borgnjor's Vile C |       |       |       |       |       |       |       |       |    12 ||    12
       Passage of Golubr |       |       |       |       |       |       |       |       |     8 ||     8
       Lesser Beckoning  |       |       |       |       |       |       |       |       |     6 ||     6
       Summon Lightning  |       |       |       |       |       |       |       |       |     3 ||     3
       Deflect Missiles  |       |       |       |       |       |       |       |       |     2 ||     2
       Summon Butterflie |       |       |       |       |       |       |       |       |     2 ||     2
       Swiftness         |       |       |       |       |       |       |       |       |     1 ||     1
Invok: Lunge             |       |       |     5 |    16 |    29 |    68 |    72 |    74 |   979 ||  1243
       Whirlwind         |       |       |       |    31 |    27 |    25 |    25 |    28 |  1471 ||  1607
       Serpent's Lash    |       |       |       |       |     2 |       |       |       |     9 ||    11
       Heavenly Storm    |       |       |       |       |     1 |       |       |       |     8 ||     9
 Abil: Dig               |       |     5 |     6 |    14 |     1 |     3 |    18 |     4 |    70 ||   121
       Shaft Self        |       |       |       |     4 |       |     4 |       |       |    13 ||    21
       Evoke Flight      |       |       |       |       |       |     2 |       |       |       ||     2
       Stop Flying       |       |       |       |       |       |     1 |       |       |       ||     1
       Wall Jump         |       |       |       |       |       |       |       |       |     9 ||     9
       End Transformatio |       |       |       |       |       |       |       |       |     2 ||     2
Evoke: Wand              |       |     7 |    18 |    24 |    12 |    12 |     2 |    11 |    28 ||   114
       Lamp of fire      |       |       |       |       |       |       |       |       |     3 ||     3
       Horn of Geryon    |       |       |       |       |       |       |       |       |     3 ||     3
       Fan of gales      |       |       |       |       |       |       |       |       |     1 ||     1
       Box of beasts     |       |       |       |       |       |       |       |       |     1 ||     1
       Phial of floods   |       |       |       |       |       |       |       |       |     1 ||     1
  Use: Scroll            |       |     4 |     8 |     6 |     9 |    12 |     4 |     7 |    55 ||   105
       Potion            |       |       |       |     3 |     4 |       |       |       |    35 ||    42
 Stab: Distracted        |       |     1 |     1 |       |       |       |     1 |     4 |    13 ||    20
       Confused          |       |       |       |       |     1 |       |       |       |       ||     1
       Paralysed         |       |       |       |       |       |       |       |       |    16 ||    16
       Petrified         |       |       |       |       |       |       |       |       |     5 ||     5
       Sleeping          |       |       |       |       |       |       |       |       |     3 ||     3
       Invisible         |       |       |       |       |       |       |       |       |     1 ||     1
       Petrifying        |       |       |       |       |       |       |       |       |     1 ||     1
  Eat: Chunk             |     4 |    12 |    20 |    22 |    17 |    31 |    17 |    21 |   116 ||   260
       Ration            |       |       |     1 |     2 |     4 |     4 |     6 |     3 |    55 ||    75
Armor: Plate armour      |   109 |   221 |   303 |   382 |   836 |   524 |   428 |   544 |  1442 ||  4789
       Skin              |       |       |       |     4 |       |       |       |       |    56 ||    60
       Swamp dragon scal |       |       |       |       |    47 |       |       |       |       ||    47
       Gold dragon scale |       |       |       |       |       |       |       |       |  2445 ||  2445
Dodge: Dodged            |    27 |    56 |   127 |   247 |   448 |   229 |   285 |   512 |  3510 ||  5441
       Deflected         |       |       |       |       |       |       |       |       |     6 ||     6
Block: Buckler           |       |       |    11 |   158 |    34 |       |       |       |       ||   203
       Shield            |       |       |       |       |   593 |    64 |       |       |       ||   657
       Large shield      |       |       |       |       |       |   907 |  1372 |  1408 | 10033 || 13720
       Reflection        |       |       |       |       |       |    79 |   131 |    67 |   206 ||   483
       Rpst.: Great sword |       |       |       |       |       |       |       |       |   345 ||   345
       Eudemon blade     |       |       |       |       |       |       |       |       |     3 ||     3

Levels and vault maps discovered:
D:1:      denvon_arrival_planthouse, layout_basic
D:2:      layout_loops_corners, first_ration, minmay_split_cup_small
D:3:      layout_loops_ring, chequers_serial_rivers_micro_e, uniq_grinder
D:4:      layout_gridville
D:5:      layout_basic, basic_altar, uniq_blork_the_orc
D:6:      layout_loops_ring
D:7:      layout_basic, overflow_temple_1_default,
          gammafunk_temple_overflow_arena, minmay_temple_entry_overgrown
D:8:      layout_basic, grunt_temple_overflow_open
D:9:      layout_roguey, grunt_ogre_cave, hex_intersection, zaba_anthole,
          uniq_gastronok
D:10:     layout_small_grid, due_lair_maze_entry_diamond, uniq_grum, uniq_psyche
D:11:     layout_basic, serial_shops, nicolae_shop_trees, minmay_st_funbox,
          uniq_erica
D:12:     layout_loops_ring, david_orc_5, serial_shops, shop,
          minmay_misc_feat_enclosed, water_boxes_lemuel
D:13:     layout_grid_maze, basic_altar, serial_shops, nicolae_shop_crystal,
          okawaru_ov_weapons_minmay, uniq_snorg
D:14:     layout_small_grid, skrybe_vaults_entry_preservation,
          gammafunk_ghost_cemetery, nicolae_water_bricks
D:15:     grunt_enter_depths_magical_seal, layout_basic, hex_intersection,
          serial_glass, glass_columns_a, glass_columns_c
Temple:   dpeg_five_rooms_temple
Lair:1:   layout_cave_pods
Lair:2:   layout_gridlike, special_room [special_room_bee],
          grunt_forest_stairs_basic, minivault_26, minmay_holes
Lair:3:   layout_hall_layers, swamp_mist, minmay_lair_oklob_chamber
Lair:4:   layout_layer_cave, dummy_snake_entry, enter_volcano_3,
          grunt_megastairs_4
Lair:5:   layout_big_grid, minmay_slime_entry_oklob_open,
          portal_ice_cave_demonic_guard, lemuel_centaur_altar, lemuel_fruit_tree
Lair:6:   grunt_lair_end_beastmaster, layout_regular_city, uniq_rupert,
          uniq_nessos
Swamp:1:  gammafunk_its_a_trap, layout_basic_swamp, evilmike_swamp_ruin_house_2,
          uniq_josephine
Swamp:2:  layout_basic_swamp, serial_swamp_ruin, evilmike_swamp_ruin_rubble_2,
          evilmike_swamp_ruin_wall, evilmike_swamp_ruin_house_3, swamp_pool2,
          hangedman_swamp_muck
Swamp:3:  gammafunk_the_bubble [the_bubble_gammafunk_crates],
          layout_falls_marsh, evilmike_swamp_ruin_house_1,
          hangedman_swamp_blocks, infiniplex_staircase_pool
Swamp:4:  grunt_swamp_rune_castle, layout_basic_swamp, swamp_pool5, uniq_louise
Snake:1:  layout_basic, serial_shops, shop_fountains, minmay_snake_pond,
          uniq_aizul
Snake:2:  layout_misc_corridors, basic_altar, eino_curves_01,
          minmay_shop_grid_forest
Snake:3:  layout_layer_cave
Snake:4:  grunt_snake_rune_serpentine_throne, layout_cave_town, basic_altar
Slime:1:  layout_caves
Slime:2:  layout_caves
Slime:3:  layout_caves
Slime:4:  layout_caves
Slime:5
Orc:1:    layout_caves, serial_shops, shop_statue, nicolae_shop_window_shopping,
          nicolae_shop_competitors_out_of_business
Orc:2:    st_orc_town, layout_caves, serial_shops, shop
Elf:1:    minmay_elf_arrival_summoners, layout_loops_corners,
          minmay_elf_demonology
Elf:2:    layout_geoelf_diagonals
Elf:3:    minmay_elf_hall_curves, layout_loops_corners, drop_trap,
          lemuel_flame_loot_1
Vaults:1: hangedman_vaults_locks, v_alt_pattern_3,
          nicolae_vaults_little_squares_2, ontoclasm_vaults_spin,
          nicolae_vaults_mini_display_case, layout_vaults_chaotic_city
Vaults:2: v_pattern_3, vaults_mumra_minichess_inversion,
          ontoclasm_vaults_decontamination, grunt_vaults_diagonal,
          nicolae_vaults_c_with_doors, vaults_mumra_hexcomb,
          vaults_room_door_ring, minmay_crypt_entry_skeletal_spiral,
          layout_vaults_omnigrid, basic_altar, serial_shops,
          nicolae_shop_window_shopping, uniq_donald
Vaults:3: nicolae_vaults_ring_of_whatevers, vaults_standard_mumra_x,
          vaults_room_fours, hangedman_vaults_nodes, nicolae_vaults_theta,
          v_alt_pattern_5, nicolae_vaults_arrows, v_misc_11,
          nicolae_vaults_minivaults, grunt_vaults_hallway_short, serial_ice_h,
          vaults_mumra_lcd, layout_vaults_maze_snakey
Vaults:4: hangedman_vaults_trim, st_lines, vaults_mumra_hex,
          ontoclasm_vaults_ligature, vaults_dpeg_ring,
          nicolae_vaults_inception_scallops, v_pattern_4,
          nicolae_vaults_network_periphery, nicolae_vaults_circle_grid_a,
          nicolae_vaults_yaktaur_gun_rack, hangedman_vaults_capsules,
          layout_vaults_omnicross, uniq_sojobo
Vaults:5: serial_shops, uniq_jory, uniq_xtahua, uniq_boris
Crypt:1:  layout_misc_corridors
Crypt:2:  hangedman_staggered_hall, layout_basic, st_stairs_4,
          grunt_megastairs_3
Crypt:3:  evilmike_haunted_forest
Tomb:1
Depths:1: layout_gridlike, enter_ziggurat_f, serial_shops, shop,
          grunt_hell_entry_dis_mu, minmay_misc_feat_alley,
          hangedman_glass_teeth, minmay_variable_closet,
          nemelex_xobeh_ov_fountains_minmay
Depths:2: cell_vault, layout_long_grid, corexii_leaking_fountain, abyss_entry,
          hangedman_coc_ice_floe, serial_shops, bzr_entry_dummy,
          kennysheep_opposing_triangles
Depths:3: hangedman_stitches_corridor, layout_basic,
          abyss_entry_small_statue_room, grunt_pan_entry_spiral, special_room
          [special_room_mythical_zoo], hell_entry, minmay_crystal_room,
          hangedman_aviary, uniq_nikola, uniq_asterion, uniq_margery,
          uniq_enchantress
Depths:4: grunt_twist_and_shout, layout_cave_pools, grunt_metal_band,
          abyss_entry, special_room [special_room_mythical_zoo],
          infiniplex_staircase_zigzag_2, minmay_shoptagon
Depths:5: grunt_crosshair, layout_gridlike,
          nicolae_abyss_entry_one_way_or_another, pf_hell_entry_tar_spiral,
          minmay_shattered_shrine
Hell
Dis:1:    layout_gridville, nrook_loot_triangle
Dis:2:    layout_gridville
Dis:3:    layout_gridville
Dis:4:    layout_chaotic_city
Dis:5:    layout_regular_city
Dis:6:    layout_regular_city
Dis:7:    dis_grunt_layers
Geh:1:    layout_gehenna_lava_caves
Geh:2:    layout_gehenna_pools_triple
Geh:3:    layout_gehenna_lava_caves
Geh:4:    layout_gehenna_pools_triple
Geh:5:    layout_gehenna_pools_triple, grunt_megastairs_2
Geh:6:    layout_gehenna_pools_basic
Geh:7:    geh_mu
Coc:1:    layout_ice_bergs
Coc:2:    layout_ice_bergs
Coc:4:    layout_cocytus_water_paths
Coc:6:    layout_cocytus_water_paths
Tar:1:    grunt_deathspiral_small, layout_cathedral_of_symmetry
Tar:2:    layout_honeycomb
Tar:3:    layout_cathedral_of_symmetry
Tar:4:    layout_grid_maze
Tar:5:    layout_grid_maze
Tar:6:    layout_honeycomb, nicolae_tar_cuneiform_bird
Tar:7:    tar_minmay_river
Zot:1:    layout_gridville
Zot:2:    layout_gridlike
Zot:3:    kennysheep_room_grid, layout_cathedral_of_symmetry,
          hangedman_snake_sidewinding
Zot:4:    gammafunk_mikee_crab_dinner, layout_basic, zot_minivault_3
Zot:5:    layout_basic, grunt_ministairs_8
Abyss:1
Abyss:2
Abyss:3:  guppyfry_abyss_exit_spiral_guarded, evilmike_abyss_exit_16
Abyss:4:  hangedman_abyss_feature_spike, due_evilmike_abyss_rune_seething_liches
Bazaar:   bazaar_lake

Table legend:
 A = Turns spent in this place as a percentage of turns spent in the entire game.
 B = Non-inter-level travel turns spent in this place as a percentage of non-inter-level travel turns spent in the entire game.
 C = Inter-level travel turns spent in this place as a percentage of turns spent in this place.
 D = Turns resting spent in this place as a percentage of non-inter-level travel turns spent in this place.
 E = Turns spent auto-exploring this place as a percentage of non-inter-level travel turns spent in this place.
 F = Non-inter-level travel turns spent in this place divided by the number of levels of this place that you've seen.
                   A       B       C       D       E      F
               +-------+-------+-------+-------+-------+----------------------
         Total | 100.0 | 100.0 |   9.1 |  18.9 |  31.5 | 844.9
       Dungeon |  18.5 |  16.9 |  17.0 |  18.7 |  45.8 | 1295.2
        Temple |   0.2 |   0.2 |  18.2 |   0.0 |  98.3 | 234.0
          Lair |   7.7 |   7.0 |  17.5 |  18.9 |  43.3 | 1344.8
         Swamp |   4.9 |   5.0 |   7.7 |  32.7 |  29.0 | 1438.5
     Snake Pit |   4.5 |   4.8 |   2.7 |  11.6 |  46.2 | 1380.8
    Slime Pits |   1.0 |   1.1 |   3.2 |  38.0 |   0.0 | 245.8
  Orcish Mines |   1.9 |   1.8 |  12.9 |  24.4 |  35.0 | 1054.0
   Elven Halls |   3.2 |   3.1 |  11.6 |   8.1 |  56.6 | 1191.0
        Vaults |   9.0 |   8.5 |  13.7 |  13.3 |  40.3 | 1964.0
         Crypt |   4.4 |   4.2 |  14.5 |  13.7 |  57.6 | 1595.7
          Tomb |   0.4 |   0.4 |   0.2 |  12.3 |  41.2 | 503.0
        Depths |  11.0 |  11.2 |   7.5 |  41.1 |  28.4 | 2575.6
          Hell |   1.9 |   2.1 |   4.0 |  43.3 |  21.4 | 2357.0
           Dis |   3.1 |   3.3 |   2.9 |   7.4 |   1.9 | 538.6
       Gehenna |   2.2 |   2.3 |   5.2 |  34.2 |   0.8 | 376.0
       Cocytus |   0.1 |   0.1 |   0.0 |   0.0 |   0.0 |  36.8
      Tartarus |   1.8 |   1.9 |   4.1 |  15.4 |   2.0 | 317.1
           Zot |   7.6 |   8.0 |   4.0 |  27.6 |  33.4 | 1843.4
         Abyss |  16.3 |  17.9 |   0.0 |   2.0 |  11.1 | 411.3
        Bazaar |   0.1 |   0.1 |   0.0 |   0.0 |  60.0 |  95.0
               +-------+-------+-------+-------+-------+----------------------

Table legend:
 A = Kills in this place as a percentage of kills in entire the game.
 B = Kills by you in this place as a percentage of kills by you in the entire game.
 C = Kills by friends in this place as a percentage of kills by friends in the entire game.
 D = Other kills in this place as a percentage of other kills in the entire game.
 E = Experience gained in this place as a percentage of experience gained in the entire game.
 F = Experience gained in this place divided by the number of levels of this place that you have seen.
                   A       B       C       D       E      F
               +-------+-------+-------+-------+-------+----------------------
         Total | 100.0 | 100.0 | 100.0 | 100.0 | 100.0 | 29070.7
       Dungeon |   7.5 |   7.6 |   0.0 |   0.0 |   1.5 | 3861.7
          Lair |   4.2 |   4.1 |  16.7 |   8.0 |   1.7 | 11337.8
         Swamp |   3.3 |   3.4 |   0.0 |   2.0 |   2.2 | 21739.5
     Snake Pit |   4.4 |   4.4 |   0.0 |   6.0 |   3.3 | 32222.8
    Slime Pits |   1.5 |   1.5 |   0.0 |   0.0 |   2.1 | 16792.0
  Orcish Mines |   1.9 |   1.9 |   0.0 |   0.0 |   0.4 | 7583.0
   Elven Halls |   2.5 |   2.4 |   0.0 |   6.0 |   2.8 | 36931.3
        Vaults |   9.5 |   9.2 |   0.0 |  38.0 |  11.8 | 93523.0
         Crypt |   3.4 |   3.4 |   0.0 |   0.0 |   3.2 | 42276.0
          Tomb |   0.4 |   0.4 |   0.0 |   0.0 |   0.6 | 22633.0
        Depths |   7.8 |   7.8 |   0.0 |  16.0 |  11.3 | 89486.0
          Hell |   1.9 |   1.9 |   0.0 |   0.0 |   2.3 | 92447.0
           Dis |   5.5 |   5.5 |   0.0 |   6.0 |   6.8 | 38184.7
       Gehenna |   4.4 |   4.4 |   0.0 |   8.0 |   4.3 | 24370.9
       Cocytus |   0.7 |   0.7 |   0.0 |   0.0 |   0.3 | 3359.2
      Tartarus |   4.3 |   4.3 |   0.0 |   0.0 |   5.7 | 32080.0
           Zot |   4.2 |   4.2 |   0.0 |   2.0 |  13.3 | 105428.4
         Abyss |  32.5 |  32.7 |  83.3 |   8.0 |  26.4 | 20838.4
               +-------+-------+-------+-------+-------+----------------------
